 Dungeon Crawl Stone Soup version 0.22-a0-362-g535178c (webtiles) character file.

1534430 Kairos the Conqueror (level 27, -5/174 HPs)
             Began as a Vine Stalker Fighter on Apr 17, 2018.
             Was the Champion of Zin.
             Killed from afar by a lich (47 damage)
             ... with an iron shot
             ... on level 22 of a ziggurat on Apr 19, 2018.
             The game lasted 11:26:08 (114884 turns).

Kairos the Conqueror (Vine Stalker Fighter)       Turns: 114884, Time: 11:26:09

Health: -5/174     AC: 49    Str: 49    XL:     27
Magic:  0/54       EV: 30    Int: 24    God:    Zin [******]
Gold:   6985       SH: 25    Dex: 23    Spells: 37/79 levels left

rFire    + + +     SeeInvis +   N - +9 sacred scourge (holy)
rCold    + + +     Gourm    .   c - +0 shield of Fahiav {Str+7}
rNeg     + + +     Faith    .   T - +16 plate armour of the Modern Gods {rN+ MR+ Regen+}
rPois    ∞         Spirit   +   b - +2 helmet of Hospitality {rElec rC+++ rN+ Dex-5}
rElec    +         Reflect  +   M - scarf {cloud immunity}
rCorr    .         Harm     .   g - +3 pair of gauntlets of War {Slay+5}
MR       +++++                  X - +0 pair of boots of Jituetz {Slay+2}
Stlth    +++++++...             L - amulet of Agnosticism {Reflect rN+ Str+4 Dex+2 SH+6 Stlth+}
HPRegen  1.59/turn              C - ring "Peali" {*Contam rF++ rC+ MR+}
MPRegen  0.34/turn              h - ring of the Seeker {rC+ rN+ Str+5 SInv}

@: vitalised, flayed, aura of abjuration, wreathed by umbra, studying Slings
A: fangs 3, talons 1, clever 1, fire resistance 1, regeneration 2, magic shield,
antimagic bite, no potion heal 3, rot immunity, MP-powered wands
}: 15/15 runes: barnacled, slimy, silver, golden, iron, obsidian, icy, bone,
abyssal, demonic, glowing, magical, fiery, dark, gossamer
a: Recite, Vitalisation, Imprison, Sanctuary, Donate Gold, Renounce Religion


You were on level 22 of a ziggurat.
You worshipped Zin.
Zin was exalted by your worship.
You were full.

You visited 17 branches of the dungeon, and saw 84 of its levels.
You visited Pandemonium 1 time, and saw 69 of its levels.
You visited the Abyss 1 time.
You visited 2 ziggurats, and saw 44 of their levels (deepest: 22).
You also visited: Labyrinth, Ossuary and Volcano.

You collected 19338 gold pieces.
You spent 5751 gold pieces at shops.
You donated 6602 gold pieces to Zin.

Inventory:

Hand Weapons
 r - the +8 hunting sling of the Moon {freeze, rC+ rN++}
   (You found it on level 3 of the Elven Halls)

   It causes projectiles fired from it to freeze those they strike, causing
   extra injury to most foes and up to half again as much damage against
   particularly susceptible opponents.
   They can also slow down cold-blooded creatures.
   It protects you from cold.
   It greatly protects you from negative energy.
 x - the +4 broad axe of Luxury {protect, *Rage Dex+2 SInv}
   (You found it on level 1 of the Crypt)

   It protects the one who uses it against injury (+AC on strike).
   It affects your dexterity (+2).
   It lets you see invisible.
   It may make you go berserk in combat.
 F - a +9 broad axe of holy wrath
 J - the +11 broad axe of the Middle {freeze, rC- Str+5}
   (You found it on level 4 of the Dungeon)

   It has been specially enchanted to freeze those struck by it, causing extra
   injury to most foes and up to half again as much damage against particularly
   susceptible opponents.
   It can also slow down cold-blooded creatures.
   It affects your strength (+5).
   It makes you vulnerable to cold.
 N - a +9 sacred scourge of holy wrath (weapon)
 V - the +7 broad axe of Defilement {flame, +Inv}
   (You took it off an orc knight on level 4 of the Vaults)

   It has been specially enchanted to burn those struck by it, causing extra
   injury to most foes and up to half again as much damage against particularly
   susceptible opponents.
   Big, fiery blades are also staple armaments of hydra-hunters.
   It lets you turn invisible.
Missiles
 U - 53 silver javelins (quivered)
Armour
 b - the +2 helmet of Hospitality (worn) {rElec rC+++ rN+ Dex-5}
   (You acquired it on level 4 of the Vaults)

   It affects your dexterity (-5).
   It renders you almost immune to cold.
   It insulates you from electricity.
   It protects you from negative energy.
 c - the +0 shield of Fahiav (worn) {Str+7}
   (Okawaru gifted it to you on level 1 of the Depths)

   It affects your strength (+7).
 g - the +3 pair of gauntlets of War (worn) {Slay+5}
   (You bought it in a shop on level 4 of the Depths)

   It affects your accuracy and damage with ranged weapons and melee attacks
   (+5).
 M - a scarf of cloud immunity (worn)
 T - the +16 plate armour of the Modern Gods (worn) {rN+ MR+ Regen+}
   (You found it on level 15 of a ziggurat)

   It protects you from negative energy.
   It affects your resistance to hostile enchantments.
   It increases your rate of regeneration.
 X - the +0 pair of boots of Jituetz (worn) {Slay+2}
   (Okawaru gifted it to you on level 1 of the Vaults)

   It affects your accuracy and damage with ranged weapons and melee attacks
   (+2).
 Y - the +0 mask of the Dragon {MR+ Slay+3 SInv}
   (You found it on level 19 of a ziggurat)

   It affects your accuracy and damage with ranged weapons and melee attacks
   (+3).
   It affects your resistance to hostile enchantments.
   It lets you see invisible.
Jewellery
 h - the ring of the Seeker (right hand) {rC+ rN+ Str+5 SInv}
   (You found it on level 7 of the Iron City of Dis)

   [ring of protection from cold]

   It affects your strength (+5).
   It protects you from cold.
   It protects you from negative energy.
   It lets you see invisible.
 u - the ring "Neasagio" {Wiz MP+9 Dex+4}
   (You found it on level 5 of the Depths)

   [ring of wizardry]

   It improves your spell success rate.
   It affects your dexterity (+4).
   It affects your magic capacity (+9).
 v - a +6 ring of slaying
 z - the ring "Imeomu" {Wiz MR+ Str+7}
   (You found it on level 13 of a ziggurat)

   [ring of wizardry]

   It improves your spell success rate.
   It affects your strength (+7).
   It affects your resistance to hostile enchantments.
 B - the ring of the Philosopher {rCorr rElec rF+ MR++ MP+9}
   (You found it on level 19 of a ziggurat)

   [ring of resist corrosion]

   It protects you from fire.
   It insulates you from electricity.
   It affects your resistance to hostile enchantments.
   It affects your magic capacity (+9).
 C - the ring "Peali" (left hand) {*Contam rF++ rC+ MR+}
   (You took it off a skeletal warrior on level 3 of the Crypt)

   [ring of protection from magic]

   It greatly protects you from fire.
   It protects you from cold.
   It affects your resistance to hostile enchantments.
   It causes magical contamination when unequipped.
 D - the amulet of the Four Winds {rN+ MR+++ Clar}
   (You bought it in a shop on level 2 of the Orcish Mines)

   [amulet of nothing]

   It protects you from negative energy.
   It affects your resistance to hostile enchantments.
   It protects you against confusion.
 H - the ring "Muosaisch" {MR+ Str+8 Dex-2}
   (You found it on level 1 of the Spider Nest)

   [ring of protection from magic]

   It affects your strength (+8).
   It affects your dexterity (-2).
   It affects your resistance to hostile enchantments.
 L - the amulet of Agnosticism (around neck) {Reflect rN+ Str+4 Dex+2 SH+6 Stlth+}
   (You found it in Pandemonium)

   [amulet of reflection]

   It shields you and reflects attacks.
   It affects your strength (+4).
   It affects your dexterity (+2).
   It protects you from negative energy.
   It affects your SH (+6).
   It makes you more stealthy.
 W - the ring "Voulism" {rElec rPois rF+ Stlth+}
   (You found it on level 3 of the Tomb of the Ancients)

   [ring of poison resistance]

   It protects you from fire.
   It insulates you from electricity.
   It protects you from poison.
   It makes you more stealthy.
Wands
 O - a wand of digging (66)
 R - a wand of scattershot (15)
Scrolls
 a - 14 scrolls of magic mapping
 j - 6 scrolls of identify
 k - 57 scrolls of remove curse
 l - 5 scrolls of summoning
 m - 71 scrolls of teleportation
 n - 31 scrolls of fog
 p - 8 scrolls of silence
 w - 21 scrolls of fear
 A - 16 scrolls of blinking
 I - 10 scrolls of holy word
 K - 11 scrolls of immolation
Potions
 d - 12 potions of might
 i - 13 potions of cancellation
 o - 3 potions of magic
 q - 5 potions of resistance
 s - 11 potions of flight
 t - 26 potions of mutation
 y - 11 potions of ambrosia
 E - 15 potions of haste
 G - 12 potions of agility
 P - 6 potions of berserk rage
 Q - 32 potions of curing
 S - 9 potions of brilliance
Books
 Z - a manual of Slings
Comestibles
 f - 79 rations


   Skills:
 O Level 27 Fighting
 - Level 17.9(18.0) Axes
 - Level 2.2(12.3) Maces & Flails
 + Level 5.0(6.1) Slings
 + Level 5.3(6.2) Throwing
 O Level 27 Armour
 + Level 23.0 Dodging
 O Level 27 Stealth
 - Level 18.9 Shields
 + Level 0.8 Unarmed Combat
 * Level 26.5 Spellcasting
 + Level 14.3 Hexes
 + Level 4.8 Charms
 + Level 11.9 Summonings
 + Level 20.1 Translocations
 + Level 10.7 Ice Magic
 + Level 16.2 Air Magic
 O Level 27 Invocations
 + Level 9.2 Evocations


You had 37 spell levels left.
You knew the following spells:

 Your Spells              Type           Power        Failure   Level  Hunger
b - Invisibility          Hex            #######.     1%          6    None
c - Silence               Hex/Air        #######...   1%          5    None
e - Swiftness             Chrm/Air       ######..     1%          2    None
f - Darkness              Hex            #######...   1%          6    None
g - Metabolic Englaciati  Hex/Ice        #######...   1%          5    None
h - Aura of Abjuration    Summ           ######....   1%          5    None
i - Controlled Blink      Tloc           N/A          3%          8    #####..
j - Summon Mana Viper     Hex/Summ       #######.     1%          5    None


Dungeon Overview and Level Annotations

Branches:
Dungeon (15/15)            Temple (1/1) D:4            Lair (6/6) D:8
 Shoals (4/4) Lair:2       Spider (4/4) Lair:2        Slime (5/5) Lair:6
    Orc (2/2) D:11            Elf (3/3) Orc:2        Vaults (5/5) D:13
  Crypt (3/3) Vaults:2       Tomb (3/3) Crypt:3      Depths (5/5) D:15
   Hell (1/1)                 Dis (7/7) Hell            Geh (7/7) Hell
    Coc (7/7) Hell            Tar (7/7) Hell            Zot (0/5) Depths:5

Altars:
Ashenzari
Cheibriados
Dithmenos
Elyvilon
Fedhas
Gozag
Hepliaklqana
Kikubaaqudgha
Makhleb
Nemelex Xobeh
Okawaru
Qazlal
Ru
Sif Muna
Uskayaw
Vehumet
Wu Jian
Xom
Yredelemnul
Zin
The Shining One

Shops:
D:5 ?   D:6 !   D:11 !   D:14 :   Orc:2 %=*}   Shoals:4 (   Depths:4 [
Depths:5 }?

Portals:
Hell: Depths:1 Depths:2 Depths:3 Depths:4 Depths:5
Abyss: Depths:1 Depths:3* Depths:4
Pandemonium: Depths:3 Depths:5

Annotations:
Lair:4 exclusion: oklob plant
Spider:1 exclusion: Roxanne, Roxanne


Innate Abilities, Weirdness & Mutations

You have razor-sharp teeth.
You heal very quickly.
When hurt, damage is shared between your health and your magic reserves.
Your bite disrupts and absorbs the magic of your enemies.
Potions cannot restore your health.
You are immune to rotting.
You have sharp toenails.
Your mind is acute. (Int +2)
Your flesh is heat resistant. (rF+)
You expend magic power (3 MP) to strengthen your wands.


Message History

The iron shot misses you.
The iron shot misses the lich.
The iron shot hits the soul eater.
The soul eater dies!
You block the ghoul's attack. The ghoul completely misses you.
The flayed ghost cries, "Suffer as I suffered!"
Terrible wounds open up all over your body!
* * * LOW HITPOINT WARNING * * *
A shadow wraith comes into view.
You thrash the flayed ghost!!
The flayed ghost convulses.
Your bite misses the flayed ghost.
The flayed ghost is almost destroyed.
The hell beast shudders.
The wraith disappears in a puff of smoke!
The shadow wraith shudders.
The shadow wraith moves out of view.
The profane servitor hits you with an enchanted whip!
* * * LOW HITPOINT WARNING * * *
The profane servitor hits you but does no damage.
The lich gestures at you while chanting.
The iron shot hits you!
You die...

.............▓▓▓▓▓▓▓
........................
........................
........................
........♣.............
.......)♣.P...........
WW#..))P..............
#L#.W♣♣2#.♣♣..........
L§#Wz@L.[P............
..W..VVAn.♣...[.........
...W)..V..♣.............
.......§................
.........W..............
........................
▓▓▓▓.............▓▓▓▓▓▓▓
▓.............▓
..........▓


You could see a profane servitor (dazed), a ghoul (dazed), a hell beast, a lich
(invisible), a vampire knight (dazed), an ancient champion (dazed), a flayed
ghost, 2 vampire magi, 3 shadow wraiths and a phantasmal warrior (dazed).

Vanquished Creatures
  Cerebov (Pan)
  Antaeus (Coc:7)
  Asmodeus (Geh:7)
  the Royal Jelly (Slime:5)
  Ereshkigal (Tar:7)
  Gloorx Vloq (Pan)
  Ignacio (Pan)
  the Serpent of Hell (Dis:7)
  A seraph (Pan)
  Mnoleg (Pan)
  Lom Lobon (Pan)
  Dispater (Dis:7)
  10 ancient liches
  Khufu (Crypt:3)
  3 orbs of fire (Zig:17)
  Mara (Elf:3)
  9 juggernauts
  Mennas (Vaults:5)
  Boris (Tomb:1)
  26 greater mummies
  Sojobo (Tomb:1)
  5 shard shrikes
  Bai Suzhen (Depths:2)
  Frederick (Vaults:3)
  5 Killer Klowns
  Geryon (Hell)
  6 caustic shrikes
  9 golden dragons
  Nikola (Spider:1)
  A caustic shrike (shapeshifter) (Zig:19)
  2 profane servitors
  9 pearl dragons
  Arachne (Spider:4)
  29 Brimstone Fiends
  29 Tzitzimimeh
  9 iron giants
  9 bone dragons
  9 doom hounds
  5 electric golems (Zig:8)
  5 hellephants
  17 tentacled monstrosities
  24 Hell Sentinels
  33 Ice Fiends
  Asterion (Vaults:3)
  25 liches
  22 titans
  11 deep elf blademasters
  8 quicksilver dragons
  A quicksilver dragon (shapeshifter) (Zig:8)
  67 Executioners
  35 acid blobs
  9 deep elf master archers
  2 eldritch tentacles
  3 tentacled starspawn
  2 sphinxes (shapeshifter)
  A kraken (Shoals:4)
  6 sphinxes
  Frances (D:14)
  18 ancient champions
  Kirke (D:13)
  11 tengu reavers
  26 warmongers (Pan)
  28 shadow dragons
  Donald (Shoals:4)
  3 storm dragons
  28 daevas
  9 revenants
  3 azure jellies (shapeshifter) (Zig:19)
  Ilsuiw (Shoals:4)
  5 draconian monks
  41 fire giants
  14 azure jellies
  2 nagarajas
  23 blood saints
  13 iron dragons
  39 frost giants
  2 juggernaut zombies
  12 deep elf sorcerers
  25 corrupters
  10 ghost moths
  8 orc warlords
  48 cacodemons
  3 emperor scorpions
  9 vault wardens
  12 draconian knights
  16 ghouls
  Louise (Spider:3)
  3 draconian scorchers
  7 draconian annihilators
  12 curse skulls
  73 balrugs
  74 reapers
  17 war gargoyles
  6 deep elf elementalists
  2 elemental wellsprings (Coc:7)
  46 pandemonium lords
  3 draconian stormcallers (Zig:14)
  22 ophanim
  35 angels
  A spriggan defender (Depths:4)
  A caustic shrike skeleton (Zig:20)
  36 stone giants
  17 ironheart preservers
  9 entropy weavers
  27 very ugly things
  Nessos (D:14)
  A juggernaut skeleton (Zig:20)
  30 apis
  5 green draconians
  3 black draconians
  4 deep elf demonologists
  2 bennus (Tomb:3)
  4 purple draconians
  7 vampire knights
  25 black suns
  15 deep elf annihilators
  A dire elephant (shapeshifter) (Zig:8)
  The ghost of VLARC the Destroyer, a journeyman VSWz of Sif Muna (Shoals:1)
  30 lorocyprocas
  7 yellow draconians
  8 dire elephants
  4 white draconians
  A minotaur (Lab)
  9 spark wasps
  64 blizzard demons
  3 red draconians
  19 deep elf death magi
  14 merfolk javelineers
  15 eidola
  6 death oozes
  14 ettins
  Snorg (Orc:1)
  6 quicksilver dragon zombies
  11 merfolk impalers
  21 mummy priests
  4 jiangshi (Tar:7)
  18 fire dragons
  Josephine (D:14)
  25 green deaths
  6 deep elf high priests
  24 yaktaur captains
  43 ice dragons
  45 monstrous demonspawn
  17 hydras
  A great orb of eyes (shapeshifter) (Vaults:4)
  23 great orbs of eyes
  2 naga warriors (Zig:11)
  2 juggernaut simulacra (Pan)
  35 vault guards
  4 quicksilver dragon skeletons
  Erolcha (Orc:1)
  9 hell beasts
  14 rakshasas
  6 death knights
  9 merfolk aquamancers
  2 merfolk avatars (Shoals:4)
  A ghost crab (Zig:10)
  9 spriggan air magi
  14 centaur warriors
  3 catoblepae
  38 two-headed ogres
  2 anacondas (shapeshifter)
  15 ogre magi
  7 satyrs
  An alligator snapping turtle (Shoals:1)
  2 anacondas (Zig:11)
  An alligator snapping turtle (shapeshifter) (Zig:8)
  29 dancing weapons
  15 deep troll shamans
  An alligator (Zig:5)
  60 death scarabs
  3 thrashing horrors (Zig:12)
  7 tengu warriors
  4 shock serpents
  19 orc high priests
  12 deep troll earth magi
  13 vampire magi
  10 hell hogs
  4 iron golems
  6 naga sharpshooters
  10 titan zombies
  8 titan skeletons
  2 shock serpents (shapeshifter)
  5 spriggan berserkers
  6 storm dragon zombies
  46 deep elf knights
  3 wretched stars
  117 sun demons
  93 soul eaters
  92 skeletal warriors
  4 storm dragon skeletons
  5 fire crabs (Zig:17)
  65 sixfirhies (Pan)
  26 shadow wraiths
  A spatial maelstrom (Abyss:3)
  23 hell knights
  2 unseen horrors
  7 anaconda zombies
  2 deep trolls (shapeshifter)
  8 glowing orange brains
  13 iron trolls
  A spark wasp zombie (Crypt:2)
  22 torturous demonspawn (Pan)
  15 flayed ghosts
  A ghost moth zombie (Crypt:3)
  13 small abominations
  2 spriggan druids
  3 unseen horrors (shapeshifter)
  32 infernal demonspawn
  29 gelid demonspawn (Pan)
  7 sea snakes
  46 shadow demons
  4 tengu zombies
  A quicksilver dragon simulacrum (Zig:18)
  24 cherubim
  28 deep trolls
  A naga ritualist (Zig:11)
  4 golden dragon zombies
  7 death drakes
  7 swamp dragons (Zig:22)
  19 orc knights
  9 wizards
  2 shambling mangroves (Zig:10)
  A sea snake (shapeshifter) (Zig:19)
  2 lindwurms
  6 shadow dragon zombies
  A lindwurm (shapeshifter) (Zig:3)
  The ghost of George the Carver, a novice MiFi of Okawaru (D:6)
  12 ironbrand convokers
  2 wolf spider zombies (Dis:7)
  9 golden dragon skeletons
  28 orb spiders
  2 sphinx zombies (Zig:14)
  31 deep elf archers
  94 deep elf magi
  An obsidian statue (Tomb:1)
  2 orange crystal statues (D:12)
  23 necromancers
  12 orc sorcerers
  43 wolf spiders
  22 phantasmal warriors
  15 shining eyes
  2 salamanders
  35 harpies
  3 oklob plants (Zig:8)
  8 stone giant zombies
  4 mana vipers (shapeshifter)
  2 anaconda skeletons
  3 iron dragon zombies
  10 frost giant zombies
  50 ugly things
  17 fauns
  8 fire giant zombies
  11 cyclopes
  13 manticores
  2 worldbinders (Abyss:1)
  5 shadow dragon skeletons
  A cyclops (shapeshifter) (Vaults:1)
  6 iron dragon skeletons
  11 merfolk sirens
  12 moths of wrath
  A salamander (shapeshifter) (Depths:3)
  A frost giant skeleton (Geh:7)
  2 moths of wrath (shapeshifter)
  3 dire elephant zombies
  An elephant (Zig:21)
  7 apocalypse crabs
  7 naga magi
  2 spriggan zombies (Zig:21)
  28 vault sentinels
  8 water nymphs
  A shock serpent zombie (Tar:7)
  2 fire giant skeletons
  8 stone giant skeletons
  54 rust devils
  A water nymph (shapeshifter) (Vaults:5)
  7 eyes of devastation
  109 smoke demons
  A titan simulacrum (Zig:18)
  A spiny frog (shapeshifter) (Vaults:4)
  6 molten gargoyles
  11 black mambas
  24 spiny frogs
  3 ice statues
  A guardian serpent (Zig:11)
  62 orange demons (Pan)
  7 centaur zombies
  4 torpor snails
  4 dire elephant skeletons
  A catoblepas zombie (Crypt:3)
  15 efreet
  59 tormentors
  7 komodo dragons
  2 human zombies
  6 elf skeletons
  53 hellions
  26 yaktaurs
  12 rime drakes
  3 golden dragon simulacra
  2 kobold demonologists (D:12)
  2 komodo dragons (shapeshifter)
  39 freezing wraiths
  54 demonic crawlers
  44 guardian mummies
  5 emperor scorpion zombies
  53 hellwings
  56 ice devils
  92 large abominations
  74 red devils
  A queen bee (Spider:4)
  16 trolls
  A tyrant leech (Zig:10)
  4 spriggan skeletons
  2 trolls (shapeshifter)
  3 ancient zymes
  5 wind drakes
  A yaktaur skeleton (Depths:1)
  5 tengu conjurers
  10 hydra zombies
  A queen bee (shapeshifter) (Zig:16)
  5 polar bears
  2 shadow dragon simulacra
  Prince Ribbit (D:7)
  A meliai (shapeshifter) (Zig:9)
  A harpy zombie (Dis:7)
  54 jumping spiders
  21 hornets
  51 merfolk
  2 tengu simulacra (Zig:19)
  15 raiju
  12 blink frogs
  A slime creature (shapeshifter) (Depths:2)
  Grinder (D:3)
  3 alligator zombies
  3 harpy skeletons
  2 sphinx simulacra
  2 ice dragon zombies
  A stone giant simulacrum (Vaults:1)
  11 snapping turtles
  4 hydra skeletons
  4 ettin zombies
  14 hippogriffs
  8 bog bodies
  2 iron dragon simulacra (Zig:19)
  113 slime creatures
  5 dream sheep
  4 fire dragon skeletons
  A hippogriff (shapeshifter) (Abyss:3)
  105 flying skulls
  6 fire dragon zombies
  A meliai zombie (D:12)
  14 spriggans
  2 fire giant simulacra
  7 ettin skeletons
  An alligator skeleton (Coc:5)
  17 starcursed masses
  6 ice dragon skeletons
  4 yaks (shapeshifter)
  79 ynoxinuls
  A satyr skeleton (Crypt:1)
  28 shadows
  28 water elementals
  A spriggan (shapeshifter) (Depths:4)
  7 air elementals
  Sigmund (D:2)
  71 redbacks
  37 tarantellas
  38 wraiths
  17 fire bats
  A spriggan simulacrum (Zig:18)
  Eustachio (D:3)
  2 elf simulacra
  39 yaks
  29 ushabtiu
  3 black mamba skeletons
  3 wyverns
  5 basilisks
  7 golden eyes
  A golden eye (shapeshifter) (Vaults:1)
  A wind drake zombie (Crypt:1)
  4 hogs (D:13)
  2 humans (shapeshifter)
  31 fire elementals
  15 humans (D:13)
  54 chaos spawn
  4 hungry ghosts
  49 neqoxecs
  7 steam dragons
  A basilisk (shapeshifter) (Depths:5)
  6 spatial vortices
  Menkaure (D:4)
  A two-headed ogre zombie (Crypt:2)
  A water nymph zombie (Crypt:2)
  2 yaktaur simulacra
  A naga (Zig:11)
  8 vampire mosquitoes
  7 swamp worms (D:10)
  5 insubstantial wisps
  A gelid demonspawn zombie (Dis:7)
  An orb spider zombie (Crypt:2)
  71 hell hounds
  14 water moccasins
  Duvessa (D:6)
  10 wargs
  3 floating eyes
  9 spiny frog zombies
  A gelid demonspawn skeleton (Tomb:3)
  11 acid dragons
  A merfolk skeleton (Crypt:2)
  82 orc warriors
  9 porcupines
  8 swamp drakes
  12 ice beasts
  An alligator simulacrum (Coc:2)
  A fire dragon simulacrum (Coc:2)
  A manticore zombie (Tomb:1)
  3 sky beasts
  5 snapping turtle zombies
  A swamp dragon zombie (Geh:3)
  4 black bears (Lair:6)
  4 phantoms
  4 spiny frog skeletons
  31 necrophages
  44 ogres
  12 eyes of draining
  16 boggarts
  An eye of draining (shapeshifter) (Depths:1)
  An ogre (shapeshifter) (Vaults:5)
  27 wolves
  2 snapping turtle skeletons
  39 centaurs
  3 swamp dragon skeletons
  A manticore skeleton (Geh:5)
  18 crocodiles
  A yaktaur zombie (Vaults:1)
  A bullfrog (shapeshifter) (Depths:4)
  8 elf zombies
  A big kobold (shapeshifter) (Depths:2)
  3 big kobolds (D:12)
  19 bullfrogs
  A glowing shapeshifter simulacrum (Zig:19)
  A gnoll sergeant (Orc:1)
  A deep troll simulacrum (Vaults:5)
  6 earth elementals
  A komodo dragon skeleton (Crypt:1)
  7 wyvern skeletons
  6 scorpions
  Dowan (D:6)
  3 human simulacra
  2 polar bear zombies (Crypt:1)
  29 killer bees
  41 wights
  2 howler monkeys
  2 troll skeletons
  2 electric eels
  6 lava snakes (Volcano)
  21 crimson imps
  17 jellies
  3 bullfrog skeletons
  5 hounds
  26 orc wizards
  3 centaur skeletons
  23 iron imps
  37 orc priests
  6 iguanas
  Ijyb (D:4)
  Natasha (thrice) (D:4)
  2 human skeletons
  A lightning spire (Zig:9)
  8 worker ants
  A porcupine skeleton (Crypt:1)
  A crocodile zombie (Crypt:2)
  A deep dwarf zombie (Crypt:2)
  A naga zombie (Geh:7)
  An ogre zombie (Coc:7)
  4 tengu skeletons
  77 mummies
  2 hound skeletons
  A hound zombie (D:5)
  A worker ant zombie (D:10)
  Robin (D:2)
  A howler monkey skeleton (D:8)
  2 river rats (D:3)
  12 adders
  11 gnolls
  A naga simulacrum (Hell)
  A swamp drake skeleton (Crypt:1)
  13 shadow imps
  29 white imps
  2 ufetubi (Abyss:3)
  6 oozes
  3 adder skeletons
  7 worms
  3 dart slugs
  5 leopard geckos
  141 orcs
  3 ball pythons
  5 giant cockroaches
  13 goblins
  9 hobgoblins
  11 jackals
  9 kobolds
  8 quokkas
  12 bats
  3 frilled lizards (D:1)
  2 gnoll skeletons (Ossuary)
  2 goblin skeletons (Ossuary)
  A hobgoblin zombie (D:6)
  3 kobold skeletons (Ossuary)
  A kobold zombie (D:6)
  A leopard gecko skeleton (D:7)
  An orc skeleton (Ossuary)
  An orc zombie (Geh:5)
  9 rats
  11 rat skeletons (Ossuary)
  3 crawling corpses
  3 fungi
  A macabre mass (Abyss:3)
  5 pillars of salt
  6 plants
  A starspawn tentacle (Zig:12)
  4 tentacles (Shoals:4)
  A withered plant (Crypt:3)
6833 creatures vanquished.

Vanquished Creatures (collateral kills)
  A hydra (Lair:6)
1 creature vanquished.

Vanquished Creatures (others)
  A pandemonium lord (Pan)
  A lich (Tomb:2)
  3 deep elf master archers
  2 eldritch tentacles (Pan)
  2 frost giants
  An elemental wellspring (Coc:7)
  A reaper (Tar:7)
  A blood saint (Pan)
  A fire dragon (Zig:17)
  A deep elf high priest (Zig:16)
  A merfolk javelineer (Zig:15)
  2 yaktaur captains (Zig:15)
  An ice dragon (Zig:18)
  A centaur warrior (Zig:9)
  3 satyrs
  An ogre mage (Zig:11)
  A dancing weapon (Zig:16)
  7 death scarabs
  A soul eater (Zig:22)
  A skeletal warrior (Tomb:2)
  A deep elf archer (Zig:16)
  A stone giant zombie (Tomb:2)
  2 deep elf magi (Crypt:3)
  A water nymph (Zig:10)
  2 rime drakes
  A jumping spider (Spider:1)
  A hydra skeleton (Tomb:2)
  A fire giant simulacrum (Abyss:3)
  2 flying skulls
  2 ynoxinuls (Pan)
  A redback (Spider:1)
  2 fire elementals (Zig:16)
  2 golden eyes (Zig:18)
  A steam dragon (Zig:22)
  2 acid dragons (Zig:22)
  A hell hound (Hell)
  A swamp drake (Zig:22)
  A human (D:4)
  2 ogres
  A centaur (Zig:9)
  A small abomination (Abyss:3)
  A troll skeleton (Geh:7)
  A wight (Dis:6)
  An iron imp (Dis:7)
  3 mummies (Tomb:2)
  3 orcs (Vaults:5)
  A bush (Zig:22)
  4 fungi
  30 pillars of salt
  10 plants
  5 starspawn tentacles
  4 tentacles (Shoals:4)
125 creatures vanquished.

Grand Total: 6959 creatures vanquished

Notes
Turn   | Place    | Note
-------+----------+-------------------------------------------
     0 | D:1      | Kairos the Vine Stalker Fighter began the quest for the Orb.
     0 | D:1      | Reached XP level 1. HP: 11/11 MP: 2/2
   231 | D:1      | Reached XP level 2. HP: 16/16 MP: 3/3
   824 | D:1      | Reached XP level 3. HP: 19/19 MP: 4/4
  1021 | D:2      | Noticed Sigmund
  1697 | D:2      | Killed Sigmund
  1697 | D:2      | Gained mutation: Your natural rate of healing is unusually fast. [Vine Stalker growth]
  1697 | D:2      | Reached XP level 4. HP: 13/24 MP: 5/5
  1697 | D:2      | Reached XP level 5. HP: 16/28 MP: 6/6
  1911 | D:2      | Reached XP level 6. HP: 32/32 MP: 7/7
  1934 | D:2      | Found a blossoming altar of Fedhas.
  1937 | D:2      | Noticed Robin
  1945 | D:2      | Killed Robin
  2245 | D:3      | Found a shadowy altar of Dithmenos.
  2304 | D:3      | Noticed Grinder
  2399 | D:3      | Reached skill level 1 in Dodging
  2601 | D:3      | Paralysed by Grinder for 6 turns
  2843 | D:3      | Killed Grinder
  2843 | D:3      | Reached XP level 7. HP: 11/36 MP: 6/8
  3328 | D:4      | Noticed Eustachio
  3369 | D:3      | Killed Eustachio
  3369 | D:3      | Reached skill level 5 in Axes
  3405 | D:4      | Noticed Natasha
  3414 | D:4      | Killed Natasha
  3414 | D:4      | Gained mutation: You have razor-sharp teeth. [Vine Stalker growth]
  3414 | D:4      | Reached XP level 8. HP: 42/42 MP: 9/9
  3430 | D:4      | Noticed Ijyb
  3436 | D:4      | Killed Ijyb
  3537 | D:4      | Noticed Natasha
  3545 | D:4      | Killed Natasha
  3559 | D:4      | Found a staircase to the Ecumenical Temple.
  3601 | Temple   | Entered the Ecumenical Temple
  3620 | Temple   | Became a worshipper of Warmaster Okawaru
  3644 | D:4      | Noticed Natasha
  3653 | D:4      | Killed Natasha
  3663 | D:4      | Got a faintly glowing broad axe
  3664 | D:4      | Identified the +11 broad axe of the Middle {freeze, rC- Str+5} (You found it on level 4 of the Dungeon)
  3802 | D:4      | Found an ancient bone altar of Kikubaaqudgha.
  3806 | D:4      | Found a shimmering altar of Xom.
  3836 | D:4      | Noticed Menkaure
  3843 | D:4      | Killed Menkaure
  4557 | D:5      | Entered Level 5 of the Dungeon
  4681 | D:5      | Noticed a two-headed ogre
  4687 | D:5      | Killed a two-headed ogre
  4687 | D:5      | Reached skill level 5 in Fighting
  4687 | D:5      | Reached skill level 1 in Stealth
  4687 | D:5      | Reached skill level 5 in Shields
  4687 | D:5      | Reached XP level 9. HP: 33/47 MP: 6/10
  4698 | D:5      | Found Eplenuy's Magic Scroll Shop.
  4731 | D:5      | Reached * piety under Okawaru
  4969 | D:5      | Found a basalt altar of Yredelemnul.
  5092 | D:5      | You fall through a shaft for 2 floors!
  5108 | D:7      | Noticed Prince Ribbit
  5138 | D:7      | Killed Prince Ribbit
  5181 | D:7      | Reached ** piety under Okawaru
  5484 | D:7      | Found an iron altar of Okawaru.
  5816 | D:7      | Found a shattered altar of Ashenzari.
  6037 | D:8      | Found a hide-covered altar of Uskayaw.
  6134 | D:8      | Reached XP level 10. HP: 53/53 MP: 11/11
  6280 | D:8      | Found a staircase to the Lair.
  7038 | Lair:1   | Entered Level 1 of the Lair of Beasts
  7038 | Lair:1   | Noticed a spiny frog
  7051 | Lair:1   | Killed a spiny frog
  7051 | Lair:1   | Reached *** piety under Okawaru
  7125 | Lair:1   | Noticed a spiny frog
  7204 | Lair:1   | Noticed a lindwurm
  7204 | Lair:1   | Found a dark tunnel.
  7221 | Volcano  | Entered a volcano
  7250 | Volcano  | Reached skill level 5 in Armour
  7298 | Volcano  | Reached **** piety under Okawaru
  7304 | Volcano  | Noticed a fire dragon
  7307 | Volcano  | Reached skill level 10 in Axes
  7310 | Volcano  | Noticed a lindwurm
  7321 | Volcano  | Killed a fire dragon
  7321 | Volcano  | Reached XP level 11. HP: 29/58 MP: 12/12
  7323 | Volcano  | Reached skill level 1 in Invocations
  7327 | Volcano  | Killed a lindwurm
  7327 | Volcano  | Reached ***** piety under Okawaru
  7366 | Volcano  | Found a radiant altar of Vehumet.
  7391 | Volcano  | Found a burning altar of Makhleb.
  7507 | Lair:1   | Killed a lindwurm
  8197 | Lair:2   | Found a labyrinth entrance.
  8227 | Lab      | Entered a labyrinth
  9450 | Lab      | Noticed a minotaur
  9454 | Lab      | Killed a minotaur
  9454 | Lab      | Received a gift from Okawaru
  9458 | Lab      | Got a smoking long sword {god gift}
  9576 | Lair:2   | Found a hole to the Spider Nest.
  9728 | Lair:2   | Gained mutation: You heal very quickly. [Vine Stalker growth]
  9728 | Lair:2   | Reached XP level 12. HP: 63/63 MP: 14/14
  9935 | Lair:2   | Found a staircase to the Shoals.
  9970 | Lair:2   | Received a gift from Okawaru
  9980 | Lair:2   | Got a fine mace {god gift}
 10014 | Lair:2   | Identified the +2 mace "Kekeb" {crush, +Rage +Inv MR++ Dex-3} (Okawaru gifted it to you on level 2 of the Lair of Beasts)
 10136 | Lair:2   | Identified the +1 long sword of Optimality {flame, *Slow +Blink Dex+2 SInv} (Okawaru gifted it to you in a labyrinth)
 10673 | Lair:3   | Noticed an eight-headed hydra
 10685 | Lair:3   | Killed an eight-headed hydra
 11254 | Lair:3   | Reached skill level 1 in Evocations
 11336 | Lair:4   | Reached skill level 1 in Maces & Flails
 11517 | Lair:4   | Received a gift from Okawaru
 12097 | Lair:4   | You fall through a shaft for 2 floors!
 12097 | Lair:6   | Entered Level 6 of the Lair of Beasts
 12097 | Lair:6   | Noticed a six-headed hydra
 12111 | Lair:6   | Noticed an eight-headed hydra
 12343 | Lair:5   | Reached XP level 13. HP: 68/68 MP: 15/15
 12980 | Lair:6   | Found a staircase to the Slime Pits.
 13367 | Lair:6   | Reached ****** piety under Okawaru
 13381 | Lair:6   | Received a gift from Okawaru
 13398 | Lair:6   | Got an ichor-stained ring mail {god gift}
 13532 | Lair:6   | Identified the +0 ring mail "Voostref" {rC++ MR- Regen+ Int+2} (Okawaru gifted it to you on level 6 of the Lair of Beasts)
 14005 | Spider:1 | Entered Level 1 of the Spider Nest
 14203 | Spider:1 | Noticed an entropy weaver
 14428 | Lair:2   | Killed an entropy weaver
 14428 | Lair:2   | Reached skill level 5 in Dodging
 14428 | Lair:2   | Reached XP level 14. HP: 43/75 MP: 9/17
 14801 | Lair:2   | Received a gift from Okawaru
 14906 | Spider:1 | Noticed Nikola
 14919 | Spider:1 | HP: 2/112 [Nikola/rapier of electrocution (10)]
 14921 | Spider:1 | Killed Nikola
 15024 | Spider:1 | Noticed a ghost moth
 15029 | Spider:1 | Killed a ghost moth
 15174 | Spider:1 | Noticed Roxanne
 15207 | Spider:1 | Received a gift from Okawaru
 15315 | Spider:1 | Reached skill level 10 in Shields
 15398 | Spider:1 | Got a warped glass ring
 15444 | Spider:1 | Identified the ring "Muosaisch" {MR+ Str+8 Dex-2} (You found it on level 1 of the Spider Nest)
 15943 | Spider:2 | Noticed an entropy weaver
 15962 | Spider:1 | Killed an entropy weaver
 16549 | Spider:2 | Noticed an entropy weaver
 16561 | Spider:2 | Killed an entropy weaver
 16561 | Spider:2 | Received a gift from Okawaru
 16687 | Spider:2 | Got a crude plate armour
 16692 | Spider:2 | Reached XP level 15. HP: 80/80 MP: 18/18
 17175 | Spider:2 | Identified the +5 plate armour "Delesupe" {+Fly rCorr Int+3 Stlth+} (You found it on level 2 of the Spider Nest)
 17297 | Spider:3 | Reached skill level 15 in Axes
 17555 | Spider:3 | Reached skill level 10 in Fighting
 17633 | Spider:3 | Received a gift from Okawaru
 17831 | Spider:3 | Noticed Louise
 17846 | Spider:3 | Killed Louise
 18212 | Spider:4 | Entered Level 4 of the Spider Nest
 18935 | Spider:4 | Received a gift from Okawaru
 19344 | Spider:4 | Noticed Arachne
 19350 | Spider:4 | Noticed an emperor scorpion
 19351 | Spider:4 | Noticed an emperor scorpion
 19501 | Spider:4 | Noticed a ghost moth
 19508 | Spider:4 | Killed a ghost moth
 19508 | Spider:4 | Reached XP level 16. HP: 60/86 MP: 19/19
 20254 | Spider:4 | Killed Arachne
 20428 | Spider:4 | Received a gift from Okawaru
 20512 | Spider:4 | Got a gossamer rune of Zot
 20892 | Shoals:1 | Entered Level 1 of the Shoals
 21117 | Shoals:1 | Reached skill level 10 in Armour
 21574 | Shoals:1 | Noticed VLARC's ghost (journeyman VSWz)
 21672 | Shoals:1 | Killed VLARC's ghost
 22067 | Shoals:2 | Received a gift from Okawaru
 22223 | Shoals:2 | Found a basalt altar of Yredelemnul.
 22941 | Shoals:3 | Received a gift from Okawaru
 23047 | Shoals:3 | Reached XP level 17. HP: 84/91 MP: 20/20
 23881 | Shoals:4 | Entered Level 4 of the Shoals
 24034 | Shoals:4 | Received a gift from Okawaru
 24082 | Shoals:4 | Got a faintly glowing war axe {god gift}
 24083 | Shoals:4 | Identified the +6 war axe of Fate {venom, Dex+2} (Okawaru gifted it to you on level 4 of the Shoals)
 24101 | Shoals:4 | Noticed Ilsuiw
 24126 | Shoals:4 | Killed Ilsuiw
 24148 | Shoals:4 | Identified the Catalogue of Poisoning
 24210 | Shoals:4 | Received a gift from Okawaru
 24368 | Shoals:4 | Noticed a kraken
 24374 | Shoals:4 | Killed a kraken
 24501 | Shoals:4 | Noticed Donald
 24512 | Shoals:4 | Killed Donald
 24615 | Shoals:4 | Found Yxocsotu's Antique Weapon Shoppe.
 24835 | Shoals:4 | Identified the Almanac of Bewitchment
 25156 | Shoals:4 | Got a barnacled rune of Zot
 25313 | Shoals:4 | Found the +6 lightning scales {run, rElec}
 25337 | Shoals:4 | Reached XP level 18. HP: 98/98 MP: 21/21
 26179 | D:9      | Found a sparkling altar of Nemelex Xobeh.
 26340 | D:9      | Found a deep blue altar of Sif Muna.
 26533 | D:10     | Entered Level 10 of the Dungeon
 27476 | D:11     | Got a faintly glowing halberd
 27482 | D:11     | Identified the +7 halberd "Hiqupt" {chop, -Tele rF++ SInv} (You found it on level 11 of the Dungeon)
 27681 | D:11     | Found a staircase to the Orcish Mines.
 27700 | D:11     | Found Ujeck's Distillery.
 28544 | Orc:1    | Entered Level 1 of the Orcish Mines
 28547 | Orc:1    | Noticed Snorg
 28549 | Orc:1    | Received a gift from Okawaru
 28563 | Orc:1    | Killed Snorg
 28640 | Orc:1    | Noticed Erolcha
 28798 | Orc:1    | Killed Erolcha
 28974 | Orc:1    | Reached skill level 1 in Throwing
 29209 | Orc:2    | Entered Level 2 of the Orcish Mines
 29223 | Orc:2    | Found a staircase to the Elven Halls.
 30064 | Orc:2    | Received a gift from Okawaru
 30101 | Orc:2    | Found Bara Mokenu's Jewellery Shop.
 30104 | Orc:2    | Found Numemuwk's Assorted Antiques.
 30105 | Orc:2    | Found Qibos's Food Shop.
 30106 | Orc:2    | Found Atteleysmy's Gadget Shop.
 30440 | Orc:2    | Bought a +6 ring of slaying for 2157 gold pieces
 30440 | Orc:2    | Bought the amulet of the Four Winds {rN+ MR+++ Clar} for 658 gold pieces
 30440 | Orc:2    | Found the amulet of the Four Winds {rN+ MR+++ Clar}
 30451 | Orc:2    | Bought an opal ring for 150 gold pieces
 30451 | Orc:2    | Bought a scroll labeled XAIXZE ROUPT for 30 gold pieces
 30597 | D:12     | Found a flickering gateway to a bazaar.
 30692 | D:13     | Noticed Kirke
 30702 | D:13     | Killed Kirke
 30808 | D:13     | Found a gate to the Vaults.
 31018 | D:13     | Found a large runed door.
 31019 | D:13     | Found a large runed door.
 31633 | Vaults:1 | Entered Level 1 of the Vaults
 31713 | Vaults:1 | Received a gift from Okawaru
 31719 | Vaults:1 | Got a pair of spiked boots {god gift}
 31730 | Vaults:1 | Identified the +0 pair of boots of Jituetz {Slay+2} (Okawaru gifted it to you on level 1 of the Vaults)
 32306 | Vaults:1 | Reached XP level 19. HP: 105/105 MP: 22/22
 32617 | Vaults:1 | Received a gift from Okawaru
 32724 | Vaults:1 | Received a gift from Okawaru
 33061 | Vaults:1 | Noticed a tentacled monstrosity
 33066 | Vaults:1 | Reached skill level 15 in Shields
 33123 | Vaults:1 | Received a gift from Okawaru
 33194 | Vaults:1 | Killed a tentacled monstrosity
 33360 | Vaults:1 | Received a gift from Okawaru
 33657 | Vaults:2 | Found a staircase to the Crypt.
 33666 | Vaults:2 | Reached skill level 15 in Fighting
 33816 | Vaults:2 | Received a gift from Okawaru
 34647 | Vaults:2 | Reached XP level 20. HP: 112/114 MP: 24/24
 34830 | Vaults:2 | Found the +4 robe of Augmentation {Str+4 Int+4 Dex+4}
 34970 | Vaults:3 | Received a gift from Okawaru
 35118 | Vaults:3 | You fall through a shaft!
 35279 | Vaults:3 | Noticed Asterion
 35287 | Vaults:3 | Killed Asterion
 35538 | Vaults:3 | Noticed Frederick
 35550 | Vaults:3 | Killed Frederick
 35550 | Vaults:3 | Reached skill level 5 in Invocations
 36086 | Vaults:3 | Received a gift from Okawaru
 36101 | Vaults:3 | Reached skill level 5 in Stealth
 36115 | Vaults:3 | Found the +8 glaive of the Guard {elec, +Rage AC+5 SInv}
 36720 | Vaults:4 | Received a gift from Okawaru
 36744 | Vaults:4 | Reached XP level 21. HP: 117/121 MP: 25/25
 36997 | Vaults:4 | Received a gift from Okawaru
 37010 | Vaults:4 | Got a slimy hat {god gift}
 37016 | Vaults:4 | Identified the -2 hat of Yfaocwo {rF++} (Okawaru gifted it to you on level 4 of the Vaults)
 38691 | D:12     | Learned a level 2 spell: Blink
 38839 | Orc:2    | Bought an uncursed ring of magical power for 300 gold pieces
 38839 | Orc:2    | Bought an uncursed ring of resist corrosion for 300 gold pieces
 38942 | Elf:1    | Entered Level 1 of the Elven Halls
 40162 | Elf:2    | Received a gift from Okawaru
 40220 | Elf:2    | Found a runed gate.
 40220 | Elf:2    | Found a runed gate.
 40222 | Elf:2    | Found a runed gate.
 40679 | Elf:2    | Reached XP level 22. HP: 126/130 MP: 25/28
 40757 | Elf:3    | Entered Level 3 of the Elven Halls
 41065 | Elf:3    | Noticed Mara
 41074 | Elf:3    | Killed Mara
 41074 | Elf:3    | Received a gift from Okawaru
 41860 | Elf:3    | Received a gift from Okawaru
 42173 | Elf:3    | Got a scintillating amber ring
 42175 | Elf:3    | Identified the ring of Lomeek {Int+6 Stlth+} (You took it off a deep elf annihilator on level 3 of the Elven Halls)
 42259 | Elf:3    | Got a brightly glowing hunting sling
 42260 | Elf:3    | Identified the +8 hunting sling of the Moon {freeze, rC+ rN++} (You found it on level 3 of the Elven Halls)
 42708 | Vaults:5 | Entered Level 5 of the Vaults
 42728 | Vaults:4 | Received a gift from Okawaru
 42728 | Vaults:4 | Reached skill level 15 in Armour
 42841 | Vaults:5 | Noticed an ancient lich
 42845 | Vaults:4 | Reached XP level 23. HP: 110/137 MP: 30/30
 42975 | Vaults:5 | Noticed a golden dragon
 42979 | Vaults:5 | Received a gift from Okawaru
 42986 | Vaults:5 | Killed an ancient lich
 42992 | Vaults:4 | Killed a golden dragon
 43085 | Vaults:4 | Got a transparent broad axe {flame}
 43086 | Vaults:4 | Identified the +7 broad axe of Defilement {flame, +Inv} (You took it off an orc knight on level 4 of the Vaults)
 43241 | Vaults:4 | Received a gift from Okawaru
 43803 | Vaults:5 | Reached skill level 10 in Invocations
 43905 | Vaults:5 | Noticed a golden dragon
 43915 | Vaults:5 | Killed a golden dragon
 44136 | Vaults:5 | Noticed Mennas
 44150 | Vaults:5 | Killed Mennas
 44164 | Vaults:5 | Learned a level 6 spell: Invisibility
 44232 | Vaults:5 | Got a silver rune of Zot
 44485 | Vaults:5 | Identified the Collected Works on Spatial Air
 44589 | Vaults:5 | Received a gift from Okawaru
 44922 | Vaults:5 | Reached XP level 24. HP: 130/145 MP: 26/31
 44932 | Vaults:5 | Identified the amulet "Moacauc" {Spirit +Inv rPois rC- Dex-3} (You took it off a vault warden on level 5 of the Vaults)
 45068 | Vaults:4 | Got a jewelled helmet
 45079 | Vaults:4 | Identified the +2 helmet of Hospitality {rElec rC+++ rN+ Dex-5} (You acquired it on level 4 of the Vaults)
 45493 | D:11     | Bought a potion of cancellation for 112 gold pieces
 45589 | D:14     | Noticed Josephine
 45602 | D:14     | Killed Josephine
 45674 | D:14     | Noticed Frances
 45683 | D:14     | Killed Frances
 45683 | D:14     | Reached skill level 1 in Spellcasting
 45683 | D:14     | Reached skill level 1 in Translocations
 45727 | D:14     | Noticed Nessos
 45739 | D:14     | Killed Nessos
 45838 | D:14     | Found Xiamuobb's Book Shoppe.
 46327 | D:15     | Entered Level 15 of the Dungeon
 46969 | D:15     | Found a staircase to the Depths.
 47331 | Depths:1 | Entered Level 1 of the Depths
 47331 | Depths:1 | Found a gateway to Hell.
 47374 | Depths:1 | Found a one-way gate to the infinite horrors of the Abyss.
 47450 | Depths:1 | Received a gift from Okawaru
 47504 | Depths:1 | Received a gift from Okawaru
 47517 | Depths:1 | Got a polished shield {god gift}
 47523 | Depths:1 | Identified the +0 shield of Fahiav {Str+7} (Okawaru gifted it to you on level 1 of the Depths)
 48341 | Depths:2 | Found the +3 giant club "Skullcrusher" {speed, Str+7}
 48505 | Depths:2 | Found a transporter.
 48771 | Depths:2 | Noticed Bai Suzhen
 48784 | Depths:2 | Killed Bai Suzhen
 49118 | Depths:2 | Found a transporter.
 49421 | Depths:2 | Reached skill level 10 in Stealth
 49424 | Depths:2 | Noticed a juggernaut
 49427 | Depths:2 | Noticed a juggernaut
 49439 | Depths:2 | Killed a juggernaut
 49444 | Depths:2 | Killed a juggernaut
 49451 | Depths:2 | Reached skill level 5 in Spellcasting
 49468 | Depths:2 | Reached skill level 5 in Translocations
 49471 | Depths:2 | Received a gift from Okawaru
 49495 | Depths:2 | Got a translucent helmet {god gift}
 49506 | Depths:2 | Identified the +0 helmet of Vanity {rF+ Regen+ Int-2} (Okawaru gifted it to you on level 2 of the Depths)
 49534 | Depths:2 | Got a sparkling pewter ring
 49536 | Depths:2 | Identified the cursed ring of Byicraj {rN+ Int-2} (You found it on level 2 of the Depths)
 49544 | Depths:2 | Got a translucent tin ring
 49545 | Depths:2 | Identified the ring "Coqaej" {+Inv Str+5 Dex-5 SInv Stlth+} (You found it on level 2 of the Depths)
 49736 | Depths:3 | Reached XP level 25. HP: 141/151 MP: 31/31
 49900 | Depths:3 | Found a one-way gate leading to the halls of Pandemonium.
 50686 | Depths:4 | Found Ofaij's Antique Armour Shop.
 50757 | Depths:4 | Received a gift from Okawaru
 50992 | Depths:4 | Bought the +3 pair of gauntlets of War {Slay+5} for 1472 gold pieces
 50992 | Depths:4 | Found the +3 pair of gauntlets of War {Slay+5}
 51175 | Depths:4 | Noticed a juggernaut
 51183 | Depths:4 | Killed a juggernaut
 51183 | Depths:4 | Paralysed by a floating eye for 4 turns
 51284 | Depths:4 | Found a gateway to a ziggurat.
 51435 | Depths:4 | Reached XP level 26. HP: 158/158 MP: 35/35
 51619 | Depths:4 | Learned a level 5 spell: Silence
 51954 | Depths:5 | Entered Level 5 of the Depths
 52022 | Depths:5 | Got a smoking amber ring
 52023 | Depths:5 | Identified the ring of the Omega Point {*Tele Str+4 Int+4} (You found it on level 5 of the Depths)
 52141 | Depths:5 | Received a gift from Okawaru
 52157 | Depths:5 | Got a crude wooden ring
 52159 | Depths:5 | Identified the ring "Neasagio" {Wiz MP+9 Dex+4} (You found it on level 5 of the Depths)
 52228 | Depths:5 | Found a gate to the Realm of Zot.
 52288 | Depths:5 | Got a sparkling brass ring
 52290 | Depths:5 | Identified the ring "Igemoche" {rF- rN+ Dex+8 SInv} (You found it on level 5 of the Depths)
 52448 | Depths:5 | Noticed a juggernaut
 52453 | Depths:5 | Received a gift from Okawaru
 52458 | Depths:5 | Killed a juggernaut
 52712 | Depths:5 | Found Tuziaz's Gadget Boutique.
 52806 | Depths:5 | Found Qurohue's Magic Scroll Shoppe.
 52818 | Depths:5 | Bought a scroll of silence for 90 gold pieces
 52967 | Depths:5 | Bought a scroll of enchant weapon for 90 gold pieces
 53775 | Crypt:1  | Entered Level 1 of the Crypt
 53805 | Crypt:1  | Got a warped broad axe
 53806 | Crypt:1  | Identified the +4 broad axe of Luxury {protect, *Rage Dex+2 SInv} (You found it on level 1 of the Crypt)
 54609 | D:6      | Found a sand-covered staircase.
 54614 | Ossuary  | Entered an ossuary
 55016 | D:6      | Noticed George's ghost (novice MiFi)
 55024 | D:6      | Noticed Dowan
 55027 | D:6      | Killed George's ghost
 55032 | D:6      | Killed Dowan
 55040 | D:6      | Noticed Duvessa
 55044 | D:6      | Killed Duvessa
 55061 | D:6      | Found Pasecem's Distillery.
 55065 | D:6      | Bought a potion of agility for 56 gold pieces
 55065 | D:6      | Bought a potion of agility for 56 gold pieces
 55065 | D:6      | Bought a potion of ambrosia for 112 gold pieces
 55065 | D:6      | Bought a potion of might for 56 gold pieces
 55065 | D:6      | Bought a potion of mutation for 112 gold pieces
 55399 | Temple   | Fell from the grace of Okawaru
 55399 | Temple   | Became a worshipper of the Shining One
 55781 | Crypt:2  | Reached * piety under the Shining One
 55918 | Crypt:2  | Reached XP level 27. HP: 165/165 MP: 37/37
 55935 | Crypt:2  | Reached ** piety under the Shining One
 55935 | Crypt:2  | Noticed an ancient lich
 55937 | Crypt:2  | Reached *** piety under the Shining One
 55941 | Crypt:2  | Killed an ancient lich
 55966 | Crypt:2  | Reached **** piety under the Shining One
 56074 | Crypt:2  | Reached skill level 10 in Spellcasting
 56628 | Crypt:3  | Entered Level 3 of the Crypt
 56641 | Crypt:3  | Reached ***** piety under the Shining One
 56722 | Crypt:3  | Reached skill level 10 in Translocations
 56925 | Crypt:3  | Reached ****** piety under the Shining One
 56934 | Crypt:3  | Identified a +2 broad axe of holy wrath (a +0 broad axe of flaming blessed by the Shining One)
 56934 | Crypt:3  | Received a gift from the Shining One
 56998 | Crypt:3  | Found a staircase to the Tomb.
 56998 | Crypt:3  | Noticed a greater mummy
 57005 | Crypt:3  | Killed a greater mummy
 57683 | Crypt:3  | Found a basalt altar of Yredelemnul.
 57690 | Crypt:3  | Noticed Khufu
 57692 | Crypt:3  | Noticed a greater mummy
 57694 | Crypt:3  | Noticed a greater mummy
 57822 | Crypt:3  | Killed a greater mummy
 57901 | Crypt:3  | Identified the ring "Peali" {*Contam rF++ rC+ MR+} (You took it off a skeletal warrior on level 3 of the Crypt)
 57944 | Crypt:3  | Identified Lucer's Almanac of Sinister Magic
 58200 | Crypt:3  | Killed Khufu
 58205 | Crypt:3  | Killed a greater mummy
 58776 | Temple   | Fell from the grace of the Shining One
 58776 | Temple   | Became a worshipper of Zin the Law-Giver
 58776 | Temple   | Reached * piety under Zin
 58776 | Temple   | Reached ** piety under Zin
 58776 | Temple   | Reached *** piety under Zin
 58776 | Temple   | Reached **** piety under Zin
 58776 | Temple   | Reached ***** piety under Zin
 58800 | Temple   | Fell from the grace of Zin
 58800 | Temple   | Became a worshipper of the Shining One
 58801 | Temple   | Gained mutation: You are robust. (+10% HP) [potion of mutation]
 58801 | Temple   | Gained mutation: Your system is resistant to poisons. (rPois) [potion of mutation]
 58801 | Temple   | Gained mutation: You have a pair of small antennae on your head. [potion of mutation]
 58802 | Temple   | Lost mutation: Your system is resistant to poisons. (rPois) [potion of mutation]
 58802 | Temple   | Lost mutation: You are robust. (+10% HP) [potion of mutation]
 58802 | Temple   | Gained mutation: You possess an exceptional clarity of mind. [potion of mutation]
 58802 | Temple   | Gained mutation: You evolve. [potion of mutation]
 58803 | Temple   | Lost mutation: You have a pair of small antennae on your head. [potion of mutation]
 58803 | Temple   | Gained mutation: Your body sometimes deteriorates upon taking damage. [potion of mutation]
 58803 | Temple   | Gained mutation: You have a pair of small horns on your head. [potion of mutation]
 58803 | Temple   | Gained mutation: You can translocate small distances at will. [potion of mutation]
 58804 | Temple   | Lost mutation: You have a pair of small horns on your head. [potion of mutation]
 58804 | Temple   | Lost mutation: You possess an exceptional clarity of mind. [potion of mutation]
 58804 | Temple   | Gained mutation: You have sharp toenails. [potion of mutation]
 58804 | Temple   | Gained mutation: You expend magic power (3 MP) to strengthen your wands. [potion of mutation]
 59289 | Tomb:1   | Entered Level 1 of the Tomb of the Ancients
 59441 | Tomb:1   | Gained mutation: You are covered in fur. (AC +1) [evolution]
 59700 | Tomb:1   | Noticed Boris
 59710 | Tomb:1   | Killed Boris
 60495 | Tomb:1   | Noticed an ancient lich
 60624 | Tomb:1   | Noticed a greater mummy
 60643 | Tomb:1   | Killed a greater mummy
 60729 | Tomb:1   | Killed an ancient lich
 60789 | Tomb:1   | Identified the Almanac of Shifting Sinister Rites
 60824 | Tomb:1   | Noticed Sojobo
 60843 | Tomb:1   | Killed Sojobo
 60893 | Tomb:1   | Reached skill level 10 in Dodging
 60904 | Tomb:1   | Lost mutation: Your body sometimes deteriorates upon taking damage. [potion of mutation]
 60904 | Tomb:1   | Lost mutation: You evolve. [potion of mutation]
 60904 | Tomb:1   | Lost mutation: You expend magic power (3 MP) to strengthen your wands. [potion of mutation]
 60904 | Tomb:1   | Gained mutation: You expend magic power (3 MP) to strengthen your wands. [potion of mutation]
 60904 | Tomb:1   | Gained mutation: Your body sometimes deteriorates upon taking damage. [potion of mutation]
 60904 | Tomb:1   | Gained mutation: You possess an exceptional clarity of mind. [potion of mutation]
 60905 | Tomb:1   | Lost mutation: You are covered in fur. (AC +1) [potion of mutation]
 60905 | Tomb:1   | Lost mutation: Your body sometimes deteriorates upon taking damage. [potion of mutation]
 60905 | Tomb:1   | Lost mutation: You possess an exceptional clarity of mind. [potion of mutation]
 60905 | Tomb:1   | Lost mutation: You can translocate small distances at will. [potion of mutation]
 60905 | Tomb:1   | Gained mutation: Your mind is acute. (Int +2) [potion of mutation]
 60905 | Tomb:1   | Gained mutation: Your flesh is heat resistant. (rF+) [potion of mutation]
 60995 | Tomb:1   | Upgraded the game from 0.22-a0-355-g201945f to 0.22-a0-358-g7563fe7
 61011 | Tomb:2   | Noticed a greater mummy
 61017 | Tomb:2   | Killed a greater mummy
 61023 | Tomb:2   | Noticed an ancient lich
 61038 | Tomb:2   | Killed an ancient lich
 61041 | Tomb:2   | Noticed a greater mummy
 61054 | Tomb:2   | Noticed a greater mummy
 61055 | Tomb:2   | Noticed an ancient lich
 61058 | Tomb:2   | Killed a greater mummy
 61067 | Tomb:2   | Killed a greater mummy
 61070 | Tomb:2   | Killed an ancient lich
 61441 | Tomb:2   | Identified the cursed +0 chain mail of Fashionability {rElec rPois rF++} (You found it on level 2 of the Tomb of the Ancients)
 61530 | Tomb:1   | Noticed a greater mummy
 61530 | Tomb:1   | Noticed a greater mummy
 61530 | Tomb:1   | Noticed a greater mummy
 61530 | Tomb:1   | Noticed a greater mummy
 61530 | Tomb:1   | Noticed a greater mummy
 61534 | Tomb:1   | Killed a greater mummy
 61535 | Tomb:1   | Noticed a greater mummy
 61545 | Tomb:1   | Killed a greater mummy
 61550 | Tomb:1   | Killed a greater mummy
 61560 | Tomb:1   | Killed a greater mummy
 61568 | Tomb:1   | Killed a greater mummy
 61574 | Tomb:1   | Killed a greater mummy
 61775 | Tomb:1   | Noticed a greater mummy
 61775 | Tomb:1   | Noticed a greater mummy
 61782 | Tomb:1   | Killed a greater mummy
 61795 | Tomb:1   | HP: 8/168 [poisoned by an emperor scorpion]
 61797 | Tomb:1   | Killed a greater mummy
 61802 | Tomb:1   | HP: 8/168 [poisoned by an emperor scorpion]
 61807 | Tomb:1   | HP: 6/168 [poisoned by an emperor scorpion]
 61812 | Tomb:1   | HP: 7/168 [poisoned by an emperor scorpion]
 62692 | Temple   | Fell from the grace of the Shining One
 62692 | Temple   | Became a worshipper of Zin the Law-Giver
 62986 | Hell     | Entered the Vestibule of Hell
 62986 | Hell     | Noticed Geryon
 63090 | Hell     | Killed Geryon
 63531 | Hell     | Found a gateway to the freezing wastes of Cocytus.
 63591 | Hell     | Found a gateway to the decaying netherworld of Tartarus.
 63679 | Hell     | Found a gateway to the ashen valley of Gehenna.
 63681 | Hell     | Was forgiven by Okawaru
 63877 | Hell     | Found a gateway to the Iron City of Dis.
 64284 | Geh:1    | Entered Level 1 of Gehenna
 64447 | Geh:3    | Reached skill level 1 in Hexes
 64467 | Geh:3    | Reached ****** piety under Zin
 64504 | Geh:3    | You fall through a shaft for 2 floors!
 64787 | Geh:7    | Entered Level 7 of Gehenna
 65199 | Geh:7    | Noticed Asmodeus
 65218 | Geh:7    | Killed Asmodeus
 65366 | Geh:7    | Got an obsidian rune of Zot
 65759 | Geh:7    | Identified Atyidd's Grimoire of Ensnaring Heat
 65767 | Geh:7    | Got a pair of scorched gloves
 65778 | Geh:7    | Identified the +2 pair of gloves of Cutoirim {rPois Int-3 Dex+5} (You found it on level 7 of Gehenna)
 65804 | Geh:7    | Identified the cursed +1 quarterstaff "Maeq" {venom, rPois Str+4 Dex+5} (You found it on level 7 of Gehenna)
 65807 | Geh:7    | Identified the +6 spear of Niutt {freeze, *Corrode rF+ Int+3} (You found it on level 7 of Gehenna)
 66099 | Coc:1    | Entered Level 1 of Cocytus
 66200 | Coc:2    | Reached skill level 15 in Stealth
 66260 | Coc:2    | Reached skill level 5 in Hexes
 66612 | Coc:7    | Entered Level 7 of Cocytus
 67452 | Coc:7    | Noticed Antaeus
 67488 | Coc:7    | Killed Antaeus
 67559 | Coc:7    | Got a twitching brass amulet
 67563 | Coc:7    | Got an icy rune of Zot
 67996 | Hell     | Identified the amulet of Maimuifo {Inacc +Inv rPois MP-9 Str-3} (You found it on level 7 of Cocytus)
 68075 | Tar:1    | Entered Level 1 of Tartarus
 69065 | Tar:7    | Entered Level 7 of Tartarus
 69859 | Tar:7    | Reached skill level 15 in Invocations
 69860 | Tar:7    | Identified the Catalogue of Weightlessness and Fire
 70085 | Tar:7    | Noticed Ereshkigal
 70578 | Tar:7    | Got a bone rune of Zot
 70710 | Tar:7    | Identified The Foundations of Wizardry
 70715 | Tar:7    | Identified the +0 chain mail of Absence {Int+3} (You found it on level 7 of Tartarus)
 70959 | Tar:7    | Killed Ereshkigal
 70959 | Tar:7    | Reached skill level 15 in Spellcasting
 71083 | Dis:1    | Entered Level 1 of the Iron City of Dis
 71384 | Dis:1    | Reached skill level 27 in Fighting
 71529 | Dis:2    | Reached skill level 10 in Hexes
 71843 | Dis:5    | Reached skill level 1 in Air Magic
 72283 | Dis:7    | Entered Level 7 of the Iron City of Dis
 73252 | Dis:7    | Got a smoking pewter ring
 73253 | Dis:7    | Identified the ring of the Seeker {rC+ rN+ Str+5 SInv} (You found it on level 7 of the Iron City of Dis)
 73415 | Dis:7    | Got a vibrating jade ring
 73416 | Dis:7    | Identified the ring of Incredulity {*Contam +Fly rC+ Dex+5} (You found it on level 7 of the Iron City of Dis)
 73930 | Dis:7    | Noticed the Serpent of Hell
 73950 | Dis:7    | Killed the Serpent of Hell
 74070 | Dis:7    | Noticed Dispater
 74109 | Dis:7    | Killed Dispater
 74125 | Dis:7    | Got an iron rune of Zot
 74130 | Dis:7    | Got a blackened hunting sling
 74131 | Dis:7    | Identified the cursed +1 hunting sling of the Revolution {venom, Str-5 Dex+3} (You found it on level 7 of the Iron City of Dis)
 74446 | Hell     | Learned a level 4 spell: Passage of Golubria
 74449 | Hell     | Learned a level 2 spell: Swiftness
 74456 | Hell     | Learned a level 6 spell: Darkness
 74462 | Hell     | Learned a level 5 spell: Yara's Violent Unravelling
 74543 | Depths:3 | Learned a level 5 spell: Metabolic Englaciation
 74586 | Pan      | Entered Pandemonium
 74692 | Pan      | Reached skill level 5 in Air Magic
 75728 | Pan      | Noticed Xaezoni the pandemonium lord
 75875 | Pan      | Killed Xaezoni the pandemonium lord
 75931 | Pan      | Got a demonic rune of Zot
 76686 | Pan      | Noticed Sourol the pandemonium lord
 76701 | Pan      | Killed Sourol the pandemonium lord
 77371 | Pan      | Found an exit through the horrors of the Abyss.
 77765 | Pan      | Noticed Luim Suu the pandemonium lord
 77786 | Pan      | Killed Luim Suu the pandemonium lord
 77823 | Pan      | Identified the Disquisition on Dislocation
 77947 | Pan      | Found an exit through the horrors of the Abyss.
 78100 | Pan      | Noticed Viheczin the pandemonium lord
 78121 | Pan      | Killed Viheczin the pandemonium lord
 78152 | Pan      | Learned a level 5 spell: Aura of Abjuration
 79823 | Pan      | Noticed Vimn the pandemonium lord
 79846 | Pan      | Killed Vimn the pandemonium lord
 80376 | Pan      | Noticed Bitemur the pandemonium lord
 80392 | Pan      | Killed Bitemur the pandemonium lord
 80792 | Pan      | Found an exit through the horrors of the Abyss.
 81231 | Pan      | Noticed Gakhli Wapp the pandemonium lord
 81355 | Pan      | Killed Gakhli Wapp the pandemonium lord
 81713 | Pan      | Entered the realm of Gloorx Vloq.
 81905 | Pan      | Noticed Gloorx Vloq
 81921 | Pan      | Killed Gloorx Vloq
 81990 | Pan      | Got a dark rune of Zot
 82198 | Pan      | Got a pair of distressingly furry gloves
 82209 | Pan      | Identified the +1 pair of gloves of Weightlessness {-Tele rN++ Dex+3 SInv} (You found it in Pandemonium)
 82480 | Pan      | Noticed Jueweufe the pandemonium lord
 82500 | Pan      | Killed Jueweufe the pandemonium lord
 82630 | Pan      | Found an exit through the horrors of the Abyss.
 82795 | Pan      | Entered the realm of Lom Lobon.
 82795 | Pan      | Noticed Lom Lobon
 83178 | Pan      | Killed Lom Lobon
 83751 | Pan      | Got a magical rune of Zot
 83904 | Pan      | Entered the realm of Cerebov.
 84299 | Pan      | Reached skill level 10 in Air Magic
 84366 | Pan      | Noticed Cerebov
 84467 | Pan      | Killed Cerebov
 84483 | Pan      | Identified the Grimoire of Snow and Calling
 84511 | Pan      | Got a fiery rune of Zot
 85152 | Pan      | Entered the realm of Mnoleg.
 85176 | Pan      | Reached skill level 15 in Dodging
 85249 | Pan      | Noticed Mnoleg
 85274 | Pan      | Paralysed by a floating eye for 4 turns
 85529 | Pan      | Reached skill level 5 in Evocations
 86053 | Pan      | Paralysed by a floating eye for 4 turns
 86059 | Pan      | Killed Mnoleg
 86146 | Pan      | Paralysed by a floating eye for 4 turns
 86242 | Pan      | Got a glowing rune of Zot
 86568 | Pan      | Found a runed door.
 86598 | Pan      | Found a runed door.
 86635 | Pan      | Found a runed door.
 86643 | Pan      | Found an exit through the horrors of the Abyss.
 86650 | Pan      | Noticed Ecaelecha the pandemonium lord
 86658 | Pan      | Killed Ecaelecha the pandemonium lord
 86668 | Pan      | Found a runed door.
 87443 | Pan      | Noticed Bahu the pandemonium lord
 87500 | Pan      | Killed Bahu the pandemonium lord
 87619 | Pan      | Reached skill level 1 in Slings
 87679 | Pan      | Found an exit through the horrors of the Abyss.
 88006 | Pan      | Reached skill level 15 in Translocations
 88263 | Pan      | Identified the +1 pair of gloves "Qearhev" {+Fly rF- rN+ rCorr} (You acquired it in Pandemonium)
 88381 | Pan      | Found an exit through the horrors of the Abyss.
 88684 | Pan      | Noticed Fiohyv the pandemonium lord
 88800 | Pan      | Killed Fiohyv the pandemonium lord
 88838 | Pan      | Noticed Ignacio
 88849 | Pan      | Killed Ignacio
 89358 | Pan      | Noticed Pudank the pandemonium lord
 89368 | Pan      | Killed Pudank the pandemonium lord
 89700 | Pan      | Reached skill level 27 in Stealth
 90090 | Pan      | Noticed a seraph
 90102 | Pan      | Killed a seraph
 90136 | Pan      | Found a glowing golden altar of the Shining One.
 90142 | Pan      | Identified Sif Muna's Tome of the Frostbite and Aid
 90144 | Pan      | Identified the Disquisition on Stolen Souls and the Rocks
 90685 | Pan      | Found a glowing silver altar of Zin.
 91429 | Pan      | Found a white marble altar of Elyvilon.
 92307 | Pan      | Found an exit through the horrors of the Abyss.
 92981 | Pan      | Noticed Win Amm the pandemonium lord
 92987 | Pan      | Killed Win Amm the pandemonium lord
 93294 | Pan      | Noticed Veruaplo the pandemonium lord
 93301 | Pan      | Killed Veruaplo the pandemonium lord
 93358 | Pan      | Found a runed door.
 93559 | Pan      | Identified the ring of Polytheism {-Tele rPois MR+ MP+9 Str+3} (You found it in Pandemonium)
 93746 | Pan      | Noticed Vueppuob the pandemonium lord
 93772 | Pan      | Killed Vueppuob the pandemonium lord
 94233 | Pan      | Noticed Ibugis the pandemonium lord
 94244 | Pan      | Killed Ibugis the pandemonium lord
 95298 | Pan      | Noticed Totowaky the pandemonium lord
 95303 | Pan      | Killed Totowaky the pandemonium lord
 95538 | Pan      | Noticed Afasek the pandemonium lord
 95547 | Pan      | Killed Afasek the pandemonium lord
 95614 | Pan      | Noticed Weibopni the pandemonium lord
 95621 | Pan      | Killed Weibopni the pandemonium lord
 95649 | Pan      | Identified the amulet of Agnosticism {Reflect rN+ Str+4 Dex+2 SH+6 Stlth+} (You found it in Pandemonium)
 95691 | Pan      | Noticed Hikint the pandemonium lord
 95715 | Pan      | Killed Hikint the pandemonium lord
 95911 | Pan      | Found an exit through the horrors of the Abyss.
 96146 | Pan      | Found a runed door.
 96275 | Pan      | Noticed Ruosug the pandemonium lord
 96393 | Pan      | Upgraded the game from 0.22-a0-358-g7563fe7 to 0.22-a0-362-g535178c
 96801 | Pan      | Noticed Imetz the pandemonium lord
 96809 | Pan      | Killed Imetz the pandemonium lord
 97020 | Pan      | Found an exit through the horrors of the Abyss.
 97320 | Pan      | Noticed Kumufeet the pandemonium lord
 97322 | Pan      | Killed Kumufeet the pandemonium lord
 97649 | Pan      | Identified the Disquisition on Destructive Enhancements
 98055 | Pan      | Found an exit through the horrors of the Abyss.
 98263 | Pan      | Found an exit through the horrors of the Abyss.
 98498 | Pan      | Noticed Ecaxzach the pandemonium lord
 98500 | Pan      | Killed Ecaxzach the pandemonium lord
 98710 | Pan      | Noticed Jopt the pandemonium lord
 98720 | Pan      | Killed Jopt the pandemonium lord
 99014 | Pan      | Found an exit through the horrors of the Abyss.
 99068 | Pan      | Noticed Xusef the pandemonium lord
 99087 | Pan      | Killed Xusef the pandemonium lord
 99087 | Pan      | Reached skill level 15 in Air Magic
 99286 | Pan      | Noticed Tyuf Neff the pandemonium lord
 99611 | Pan      | Noticed Oqion the pandemonium lord
 99634 | Pan      | Killed Oqion the pandemonium lord
100212 | Pan      | Identified the +6 hunting sling "Butoxo Ewic" {velocity, Fragile rF- Dex+7} (You found it in Pandemonium)
100539 | Pan      | Noticed Seawin the pandemonium lord
100552 | Pan      | Killed Seawin the pandemonium lord
100654 | Pan      | Found an exit through the horrors of the Abyss.
100748 | Pan      | Reached skill level 1 in Summonings
100748 | Pan      | Reached skill level 1 in Ice Magic
101194 | Pan      | Noticed Byhais the pandemonium lord
101202 | Pan      | Killed Byhais the pandemonium lord
101613 | Pan      | Found an exit through the horrors of the Abyss.
101897 | Pan      | Found an exit through the horrors of the Abyss.
101968 | Pan      | Found an exit through the horrors of the Abyss.
101989 | Pan      | Took an exit into the Abyss.
101989 | Abyss:1  | Escaped into the Abyss
101989 | Abyss:1  | Found a corrupted altar of Lugonu.
102450 | Abyss:3  | Found a corrupted altar of Lugonu.
102583 | Abyss:3  | Paralysed by a floating eye for 3 turns
102664 | Abyss:3  | Paralysed by a floating eye for 3 turns
102699 | Abyss:3  | Paralysed by a floating eye for 4 turns
102709 | Abyss:3  | Paralysed by a floating eye for 4 turns
102764 | Abyss:3  | Paralysed by a floating eye for 3 turns
102780 | Abyss:3  | Paralysed by a floating eye for 3 turns
102812 | Abyss:3  | Paralysed by a floating eye for 3 turns
102852 | Abyss:3  | Got an abyssal rune of Zot
102879 | Depths:3 | Escaped the Abyss
102892 | Depths:3 | Learned a level 8 spell: Controlled Blink
102898 | Depths:3 | Learned a level 5 spell: Summon Mana Viper
103327 | Slime:1  | Entered Level 1 of the Pits of Slime
103547 | Slime:5  | Entered Level 5 of the Pits of Slime
103815 | Slime:5  | Reached skill level 5 in Summonings
103980 | Slime:5  | Reached skill level 5 in Ice Magic
104003 | Slime:5  | Noticed the Royal Jelly
104030 | Slime:5  | Killed the Royal Jelly
104111 | Slime:5  | Found the +7 great mace "Undeadhunter" {disrupt, rN+}
104112 | Slime:5  | Found the +4 arc blade {discharge, rElec}
104205 | Slime:5  | Got a slimy rune of Zot
104206 | Slime:5  | Identified Jututadgh's Grimoire of Fetching Stones
104242 | Slime:5  | Identified the Collected Works on Assistive Venom
105114 | Tomb:1   | Noticed a greater mummy
105125 | Tomb:1   | Killed a greater mummy
105138 | Tomb:1   | Noticed a greater mummy
105146 | Tomb:1   | Killed a greater mummy
105459 | Tomb:3   | Entered Level 3 of the Tomb of the Ancients
105550 | Tomb:3   | Noticed a greater mummy
105550 | Tomb:3   | Noticed a greater mummy
105556 | Tomb:3   | Noticed a greater mummy
105810 | Tomb:3   | Noticed a greater mummy
105817 | Tomb:3   | Killed a greater mummy
105842 | Tomb:3   | Noticed a greater mummy
105852 | Tomb:2   | Killed a greater mummy
106160 | Tomb:3   | Noticed a greater mummy
106162 | Tomb:3   | Noticed a greater mummy
106162 | Tomb:3   | Noticed a greater mummy
106734 | Tomb:3   | Noticed a greater mummy
107382 | Tomb:3   | Killed a greater mummy
107949 | Tomb:3   | Killed a greater mummy
107952 | Tomb:3   | Killed a greater mummy
107964 | Tomb:3   | Killed a greater mummy
107968 | Tomb:3   | Killed a greater mummy
107973 | Tomb:3   | Killed a greater mummy
107993 | Tomb:3   | Killed a greater mummy
108245 | Tomb:3   | Found the +5 scythe "Finisher" {speed, Str+3}
108360 | Tomb:3   | Got a coiled golden ring
108361 | Tomb:3   | Identified the ring "Voulism" {rElec rPois rF+ Stlth+} (You found it on level 3 of the Tomb of the Ancients)
108476 | Tomb:3   | Got a golden rune of Zot
108498 | Zig:1    | Entered Level 1 of a ziggurat
108516 | Zig:2    | Entered Level 2 of a ziggurat
108537 | Zig:3    | Entered Level 3 of a ziggurat
108538 | Zig:3    | Noticed Leatatsa the pandemonium lord
108546 | Zig:3    | Killed Leatatsa the pandemonium lord
108567 | Zig:4    | Entered Level 4 of a ziggurat
108611 | Zig:5    | Entered Level 5 of a ziggurat
108654 | Zig:6    | Entered Level 6 of a ziggurat
108682 | Zig:6    | Identified the +2 pair of gloves "Tehe" {MR+ rCorr Dex+5} (You acquired it on level 6 of a ziggurat)
108707 | Zig:7    | Entered Level 7 of a ziggurat
108745 | Zig:7    | Reached skill level 1 in Charms
108766 | Zig:8    | Entered Level 8 of a ziggurat
108914 | Zig:8    | Identified the +10 plate armour of the Secret Yaks {rPois Regen+ Str-4} (You found it on level 8 of a ziggurat)
108971 | Zig:9    | Entered Level 9 of a ziggurat
108982 | Zig:9    | Found the +9 staff of Olgreb {rPois}
109024 | Zig:9    | Identified the Papyrus of Freezing Toxins
109036 | Zig:10   | Entered Level 10 of a ziggurat
109134 | Zig:10   | Identified the Handbook of Intoxication and Aid
109138 | Zig:10   | Identified Zott's Grimoire of Poison and Shape Shifting
109148 | Zig:11   | Entered Level 11 of a ziggurat
109241 | Zig:12   | Entered Level 12 of a ziggurat
109340 | Zig:12   | Identified the ring "Netenask" {rElec rC+ rN+ MR-} (You found it on level 12 of a ziggurat)
109344 | Zig:13   | Entered Level 13 of a ziggurat
109362 | Zig:13   | Noticed Kehix the pandemonium lord
109371 | Zig:13   | Killed Kehix the pandemonium lord
109543 | Zig:13   | Found the +5 robe of Night {Dark MR+ SInv}
109557 | Zig:13   | Identified the Incunabulum of Ignition and Hexes
109575 | Zig:14   | Entered Level 14 of a ziggurat
109700 | Zig:14   | Identified the +2 demon blade of the Forest {freeze, rF+ MR+ Str+3} (You found it on level 14 of a ziggurat)
109703 | Zig:14   | Identified the ring "Eqomm" {+Fly Dex+3 Stlth+} (You found it on level 14 of a ziggurat)
109720 | Zig:14   | Identified the +1 pair of gloves of Dogma {+Blink MR+} (You acquired it on level 14 of a ziggurat)
109730 | Zig:15   | Entered Level 15 of a ziggurat
109816 | Zig:15   | Identified the ring of Ashenzari's Generosity {+Inv rPois EV+2 Int+4} (You found it on level 15 of a ziggurat)
109825 | Zig:15   | Identified the +16 plate armour of the Modern Gods {rN+ MR+ Regen+} (You found it on level 15 of a ziggurat)
109868 | Zig:16   | Entered Level 16 of a ziggurat
109893 | Zig:16   | Found the +6 shillelagh "Devastator" {shatter}
109949 | Zig:16   | Identified the amulet "Vaif" {Acrobat *Corrode rElec rN+++ MR-} (You found it on level 16 of a ziggurat)
110261 | Zig:17   | Entered Level 17 of a ziggurat
110412 | Zig:17   | Identified the +0 buckler "Zeneq" {rPois Str+2 Dex+5} (You took it off a cherub on level 17 of a ziggurat)
110446 | Zig:17   | Identified Xiefif's Volume of the Gliding Mountains
110461 | Zig:17   | Identified Sif Muna's Tome of Execration and Enhancements
110479 | Zig:18   | Entered Level 18 of a ziggurat
110764 | Zig:18   | Found the +8 longbow "Zephyr" {speed, Dex+3 SInv}
110765 | Zig:18   | Found the cursed +13 scythe of Curses {drain, *Curse}
110779 | Zig:18   | Identified the ring "Mimpu Pok" {Int+3 Slay+3} (You found it on level 18 of a ziggurat)
110846 | Zig:18   | Donated 6135 gold pieces to Zin
110950 | Zig:19   | Entered Level 19 of a ziggurat
110958 | Zig:19   | Noticed Uqey the pandemonium lord
110971 | Zig:19   | Killed Uqey the pandemonium lord
110985 | Zig:19   | Noticed Onnaog the pandemonium lord
110994 | Zig:19   | Noticed Babead the pandemonium lord
111000 | Zig:19   | Noticed Beibys the pandemonium lord
111000 | Zig:19   | Noticed Qemuh the pandemonium lord
111001 | Zig:19   | Noticed Mouduet the pandemonium lord
111009 | Zig:19   | Noticed Vuepom the pandemonium lord
111011 | Zig:19   | Killed Beibys the pandemonium lord
111022 | Zig:19   | Killed Vuepom the pandemonium lord
111023 | Zig:19   | Noticed Nesyl the pandemonium lord
111023 | Zig:19   | Noticed Kaymp the pandemonium lord
111030 | Zig:19   | Killed Mouduet the pandemonium lord
111037 | Zig:19   | Killed Babead the pandemonium lord
111045 | Zig:19   | Killed Kaymp the pandemonium lord
111053 | Zig:19   | Killed Qemuh the pandemonium lord
111055 | Zig:19   | Noticed Ykhamidu the pandemonium lord
111057 | Zig:19   | Noticed Dixor the pandemonium lord
111068 | Zig:19   | Killed Nesyl the pandemonium lord
111081 | Zig:19   | Noticed Ytziacw the pandemonium lord
111082 | Zig:19   | Killed Ykhamidu the pandemonium lord
111093 | Zig:19   | Killed Ytziacw the pandemonium lord
111102 | Zig:19   | Noticed Nihac the pandemonium lord
111104 | Zig:19   | Killed Dixor the pandemonium lord
111107 | Zig:19   | Killed Onnaog the pandemonium lord
111118 | Zig:19   | Killed Nihac the pandemonium lord
111151 | Zig:19   | Reached skill level 10 in Summonings
111165 | Zig:19   | Identified the ring of the Philosopher {rCorr rElec rF+ MR++ MP+9} (You found it on level 19 of a ziggurat)
111182 | Zig:20   | Entered Level 20 of a ziggurat
111343 | Zig:20   | Found the amulet of the Air {Inacc +Fly rElec EV+5 RMsl}
111387 | Zig:20   | Identified the Papyrus of Scorching Earth
111404 | Zig:20   | Identified the amulet of Okhloukh {Inacc rElec} (You found it on level 20 of a ziggurat)
111445 | Zig:21   | Entered Level 21 of a ziggurat
111713 | Zig:21   | Identified the Reference Book on Ice
111719 | Zig:21   | Identified the amulet of Eternal Night {Spirit MR+ Int+8 Dex-4 SInv} (You found it on level 21 of a ziggurat)
111721 | Zig:21   | Got a bound iron ring
111733 | Zig:21   | Identified Sif Muna's Reference Book on Noxious Creation
111747 | Zig:21   | Identified the ring of a Billion Friends {-Tele *Corrode rElec rF+++ rN+} (You found it on level 21 of a ziggurat)
111757 | Zig:21   | Got a pair of spiked boots
111768 | Zig:21   | Identified the -5 pair of boots of Joyvul {SInv} (You acquired it on level 21 of a ziggurat)
111782 | Zig:21   | Got a pair of encrusted boots
111793 | Zig:21   | Identified the +2 pair of boots of the Dragon {MR+} (You acquired it on level 21 of a ziggurat)
111826 | Zig:22   | Entered Level 22 of a ziggurat
111950 | Zig:22   | Identified An Introduction to Theurgy
111974 | Zig:22   | Got a crude fustibalus
111975 | Zig:22   | Identified the +9 fustibalus of Ibaojil {venom, +Blink Dex+2} (You found it on level 22 of a ziggurat)
112714 | Zig:1    | Entered Level 1 of a ziggurat
112734 | Zig:2    | Entered Level 2 of a ziggurat
112760 | Zig:3    | Entered Level 3 of a ziggurat
112791 | Zig:4    | Entered Level 4 of a ziggurat
112831 | Zig:5    | Entered Level 5 of a ziggurat
112870 | Zig:6    | Entered Level 6 of a ziggurat
112910 | Zig:7    | Entered Level 7 of a ziggurat
112928 | Zig:7    | Found the +7 Singing Sword
112972 | Zig:7    | Identified the ring "Bajuzxal" {rF+ Str+2 SInv} (You found it on level 7 of a ziggurat)
112976 | Zig:8    | Entered Level 8 of a ziggurat
113041 | Zig:9    | Entered Level 9 of a ziggurat
113051 | Zig:9    | Noticed Faigg the pandemonium lord
113052 | Zig:9    | Noticed Cibikock the pandemonium lord
113052 | Zig:9    | Noticed Tilecze the pandemonium lord
113052 | Zig:9    | Noticed Mudy the pandemonium lord
113065 | Zig:9    | Killed Tilecze the pandemonium lord
113078 | Zig:9    | Killed Cibikock the pandemonium lord
113082 | Zig:9    | Killed Mudy the pandemonium lord
113085 | Zig:9    | Killed Faigg the pandemonium lord
113092 | Zig:9    | Found the fine robe
113174 | Zig:10   | Entered Level 10 of a ziggurat
113233 | Zig:11   | Entered Level 11 of a ziggurat
113293 | Zig:12   | Entered Level 12 of a ziggurat
113398 | Zig:13   | Entered Level 13 of a ziggurat
113523 | Zig:13   | Identified the ring "Imeomu" {Wiz MR+ Str+7} (You found it on level 13 of a ziggurat)
113536 | Zig:13   | Identified the amulet "Toprez" {Spirit rPois rC+} (You found it on level 13 of a ziggurat)
113541 | Zig:14   | Entered Level 14 of a ziggurat
113729 | Zig:14   | Got a scintillating glass ring
113744 | Zig:14   | Identified the ring "Pumiqieh" {EV+4 Int+4} (You found it on level 14 of a ziggurat)
113746 | Zig:15   | Entered Level 15 of a ziggurat
113847 | Zig:16   | Entered Level 16 of a ziggurat
113866 | Zig:16   | Noticed an ancient lich
113875 | Zig:16   | Noticed an ancient lich
113880 | Zig:16   | Noticed an ancient lich
113882 | Zig:16   | Killed an ancient lich
113892 | Zig:16   | Killed an ancient lich
113902 | Zig:16   | Killed an ancient lich
113985 | Zig:16   | Identified the Grimoire of Destructive Lightness
114012 | Zig:16   | Identified the +5 fire dragon scales "Kakhamocs" {rF++ rC- Int+4} (You found it on level 16 of a ziggurat)
114017 | Zig:17   | Entered Level 17 of a ziggurat
114035 | Zig:17   | Noticed an orb of fire
114059 | Zig:17   | Noticed an orb of fire
114069 | Zig:17   | Noticed an orb of fire
114077 | Zig:17   | Killed an orb of fire
114081 | Zig:17   | Killed an orb of fire
114081 | Zig:17   | Killed an orb of fire
114101 | Zig:17   | Identified the +4 hunting sling of Beogh {flame, Int+5 Dex+3} (You found it on level 17 of a ziggurat)
114109 | Zig:18   | Entered Level 18 of a ziggurat
114220 | Zig:18   | Identified the ring of the Hero {Ice rElec MR+ Dex+4 Stlth-} (You found it on level 18 of a ziggurat)
114225 | Zig:19   | Entered Level 19 of a ziggurat
114284 | Zig:19   | Reached skill level 27 in Invocations
114369 | Zig:19   | Found the +0 mask of the Dragon {MR+ Slay+3 SInv}
114384 | Zig:19   | Identified the cursed +1 eveningstar "Ubotsied" {crush, rElec MR+} (You found it on level 19 of a ziggurat)
114391 | Zig:19   | Reached skill level 5 in Throwing
114401 | Zig:19   | Identified the ring of Xom's Best Wishes {+Inv +Fly rPois Dex+2 Stlth+} (You found it on level 19 of a ziggurat)
114414 | Zig:20   | Entered Level 20 of a ziggurat
114440 | Zig:20   | Noticed a juggernaut
114440 | Zig:20   | Noticed a juggernaut
114455 | Zig:20   | Killed a juggernaut
114458 | Zig:20   | Noticed a juggernaut
114458 | Zig:20   | Noticed a juggernaut
114458 | Zig:20   | Noticed a juggernaut
114468 | Zig:20   | Killed a juggernaut
114472 | Zig:20   | Killed a juggernaut
114476 | Zig:20   | Killed a juggernaut
114491 | Zig:20   | Killed a juggernaut
114491 | Zig:20   | Reached skill level 10 in Ice Magic
114537 | Zig:20   | Identified Bamecily's Handbook of Flight
114544 | Zig:20   | Reached skill level 5 in Slings
114548 | Zig:20   | Identified the Disquisition on Weightlessness and Arcane Weapons
114561 | Zig:20   | Identified Lehudib's Collected Works on the Mountains
114567 | Zig:20   | Identified the ring of the Lobster {rCorr rN+++ Int-5 Dex+2 Stlth+} (You found it on level 20 of a ziggurat)
114574 | Zig:21   | Entered Level 21 of a ziggurat
114702 | Zig:21   | Identified the ring "Yzxeack" {rElec SInv} (You found it on level 21 of a ziggurat)
114713 | Zig:21   | Identified the Catalogue of Evil Calling
114738 | Zig:21   | Got a distressingly furry cloak
114749 | Zig:21   | Identified the +2 cloak of the Tick {-Tele rPois rC+ rN+} (You acquired it on level 21 of a ziggurat)
114755 | Zig:21   | Got a fine large shield
114766 | Zig:21   | Identified the +0 large shield "Sairirit" {rElec} (You acquired it on level 21 of a ziggurat)
114803 | Zig:22   | Entered Level 22 of a ziggurat
114846 | Zig:22   | Noticed an ancient lich
114863 | Zig:22   | Noticed an ancient lich
114865 | Zig:22   | Noticed an ancient lich
114866 | Zig:22   | Killed an ancient lich
114866 | Zig:22   | Reached skill level 27 in Armour
114872 | Zig:22   | Killed an ancient lich
114884 | Zig:22   | Killed from afar by a lich

Vault maps used:
D:1:      minmay_arrival_loop, minmay_splitting_lines
D:2:      nicolae_overflow_crystal_walls, first_ration, uniq_sigmund, uniq_robin
D:3:      marbit_many_paths, portal_sewer_entry_e, hangedman_decor_slide_cut,
          corexii_shack, hangedman_decor_riveting, uniq_grinder
D:4:      lemuel_round_altar, temple_pool_b, serial_bayou_pond_d,
          tgw_kikubaaqudgha, uniq_menkaure, uniq_natasha, uniq_eustachio,
          uniq_ijyb
D:5:      lemuel_doored_altar, serial_shops, shop
D:6:      serial_shops, shop_statue, nicolae_ossuary_entry_giza, uniq_duvessa
D:7:      cheibrodos_ashenzari_chains, basic_altar, uniq_prince_ribbit1
D:8:      lemuel_coloured_pillars_altar, lair_entry_dummy
D:9:      lemuel_round_altar, nemelex_xobeh_ov_fountains_minmay
D:10:     hangedman_little_slice_of_home, minmay_misc_feat_diagonals,
          worms_lemuel
D:11:     cheibrodos_elevator_heist, serial_shops, shop
D:12:     serial_shops, bzr_entry_road, minmay_more_statues
D:13:     grunt_vaults_entry_tiered, lightli_elemental_guards, uniq_kirke
D:14:     nicolae_wwwww, serial_shops, kennysheep_mini_moat, uniq_frances,
          uniq_josephine, uniq_nessos
D:15:     grunt_enter_depths_snipers, minmay_misc_feat_tiny
Temple:   eino_temple_water
Lair:1:   nicolae_volcano_entry_vermiform, grunt_megastairs_5,
          lemuel_fruit_fields, serial_bayou_shore_b
Lair:2:   elwin_shoals_entry_stream, dummy_spider_entry, lab_entry_generic
Lair:4:   pond
Lair:6:   minmay_lair_end_enchanted_forest, minmay_slime_entry_jelly_boxes
Shoals:2: lemuel_centaur_altar
Shoals:4: shoals_end_hangedman, shoal_ilsuiw, serial_shops, shop_statue,
          nicolae_shoals_isolated_beach, uniq_donald
Spider:1: guppyfry_spider_mini_1, uniq_nikola, uniq_roxanne
Spider:3: hangedman_spider_tarantella_strand, uniq_louise
Spider:4: grunt_spider_rune_parallel, hive_lemuel, uniq_arachne
Slime:1:  cheibrodos_slime_lost_civilization_4
Orc:1:    uniq_snorg, uniq_erolcha
Orc:2:    st_orc_pillars
Elf:1:    eino_elf_arrival_shootout, minivault_28
Elf:3:    minmay_elf_hall_statues, stair_cage_line, uniq_mara
Vaults:1: v_alt_pattern_2, nicolae_vaults_diagonal_hallway_6, vaults_dpeg_cross,
          vaults_dpeg_encased_lava, v_alt_pattern_5, v_pattern_4,
          dpeg_vaults_pockets_of_resistance, nicolae_vaults_network_s,
          vaults_room_pools
Vaults:2: ontoclasm_vaults_decontamination, ontoclasm_vaults_chip,
          vaults_dpeg_diagonal, v_misc_29, v_alt_pattern_3,
          nicolae_vaults_ring_of_whatevers, v_misc_5,
          nicolae_vaults_network_quincunx, nicolae_vaults_hallways_thing,
          vaults_mumra_lcd, vaults_room_semicircle,
          minmay_crypt_entry_simple_round, nicolae_vaults_circle_grid_b,
          vaults_room_fours, vaults_room_hangedman_quadrants
Vaults:3: dpeg_vaults_monster_row, vaults_room_door_hall,
          hangedman_vaults_capsules, hangedman_vaults_river_flow,
          minmay_guarded_unrand_guard_vaults, vaults_standard_mumra_x,
          ontoclasm_vaults_spin, ontoclasm_vaults_hangar,
          nicolae_vaults_specimen_jars, nicolae_vaults_gold_heap, uniq_asterion,
          uniq_frederick
Vaults:4: v_pattern_2, grunt_vaults_funnel,
          vaults_standard_mumra_enter_the_diamond, ontoclasm_vaults_fault,
          v_misc_17, ontoclasm_vaults_ring_large, v_misc_15,
          vaults_mumra_hexcomb, grunt_vaults_twisty
Vaults:5: serial_shops, uniq_mennas
Crypt:2:  grunt_deathspiral_small
Crypt:3:  evilmike_haunted_forest, uniq_khufu
Tomb:1:   uniq_sojobo, uniq_boris
Depths:1: hell_entry, interstate_on_off, abyss_entry_crystal,
          lightli_corner_chamber, serial_bayou_shore_b, grunt_megastairs_1
Depths:2: gammafunk_dig_for_victory, minivault_11, hell_entry, uniq_bai_suzhen
Depths:3: minmay_two_paths, rand_demon_pan_entry_7, serial_column_ruins,
          column_ruins_portal_astroid, column_ruins_circle_medium,
          column_ruins_open_small, column_ruins_corridor_corner,
          column_ruins_open_tiny, column_ruins_grid_1, column_ruins_grid_1,
          column_ruins_open_small, hell_entry, abyss_entry
Depths:4: minmay_the_grid_octo_tiled_octocenter, enter_ziggurat_c, serial_shops,
          shop, abyss_entry, serial_sigils, serial_sigils_hangedman_carve,
          serial_sigils_hangedman_gut, serial_sigils_hangedman_quiver,
          serial_sigils_hangedman_shear, serial_sigils_hangedman_scratch,
          hell_entry
Depths:5: hangedman_spin_cycle, pan_entry, hell_entry, serial_shops
Dis:6:    nrook_loot_triangle, hangedman_dis_decor_tower
Dis:7:    iron_city_of_dis, hangedman_dis_chains
Geh:1:    nicolae_geh_fiery_graves
Geh:2:    hangedman_mysterious_dungeon_monster_house, lemuel_elevator
Geh:7:    evilmike_geh
Coc:2:    serial_ice, serial_ice_d, serial_ice_i, serial_ice_c, serial_ice_g,
          serial_ice_n, serial_ice_b
Coc:7:    coc_grunt_cove
Tar:1:    hangedman_restless_catacombs
Tar:2:    nicolae_tar_cuneiform_water
Tar:4:    nicolae_tar_cuneiform_bird
Tar:6:    grunt_megastairs_3
Tar:7:    tar_grunt_cathedral
Abyss:3:  evilmike_abyss_rune_siren_acolytes
Pan:      rand_demon_4, nicolae_pan_glass_arcs, nicolae_pan_sigil_itan,
          nicolae_pan_double_arrow, evilmike_mini_pan_branches, rand_demon_1,
          lemuel_hall_of_pain, evilmike_mini_pan_diamond,
          evilmike_mini_pan_other_thingy, gloorx_vloq_grunt_torture_chamber,
          nicolae_pan_lom_lobonic_1, nicolae_pan_door_chamber,
          pan_blood_fountain_small, lom_lobon_grunt, pan_blood_fountain_small,
          cerebov_st, evilmike_mnoleg_eyes, rand_demon_7,
          evilmike_mini_pan_rooms, nicolae_pan_sigil_uleosi,
          reaverb_pan_figure_eight, rand_demon_2, nicolae_pan_hourglass,
          nicolae_pan_lom_lobonic_1, grunt_pan_frozen_over,
          nicolae_pan_cerebovesque_1, rand_demon_1, pan_blood_fountain_small,
          evilmike_mini_pan_3x3, rand_demon_7, uniq_ignacio,
          nicolae_pan_cerebovesque_3, rand_demon_6, uniq_ignacio,
          pan_blood_fountain_small, evilmike_mini_pan_doors,
          nicolae_pan_sigil_obb, nicolae_pan_gloorx_vloqian_1,
          evilmike_mini_pan_layers, pan_blood_fountain_small,
          nicolae_pan_cerebovesque_2, reaverb_pan_squares, evilmike_holy_pan,
          grunt_pan_in_and_out, evilmike_mini_pan_corridor, rand_demon_8,
          nicolae_pan_gloorx_vloqian_1, rand_demon_1, pan_surprise,
          rand_demon_9, nicolae_pan_sigil_uleosi, grunt_pan_spiral,
          nicolae_pan_glass_arcs, evilmike_mini_pan_other_thingy,
          grunt_pan_zigzag, pan_blood_fountain, nicolae_pan_door_chamber,
          rand_demon_8, grunt_pan_pentagram, grunt_pan_in_and_out,
          pan_blood_fountain_2, evilmike_mini_pan_V, evilmike_mini_pan_doors,
          pan_blood_fountain_2, regret_index_pan_draining_boxed,
          pan_blood_fountain_small, nicolae_pan_mnolegish_2,
          evilmike_mini_pan_doors_b, evilmike_mini_pan_T,
          nicolae_pan_sigil_itan, rand_demon_9, pan_blood_fountain_small,
          rand_demon_7, rand_demon_9, pan_blood_fountain_2,
          evilmike_mini_pan_pillars, nicolae_pan_mnolegish_3,
          evilmike_mini_pan_V, evilmike_mini_pan_diamond,
          evilmike_mini_pan_thingy, evilmike_mini_pan_branches,
          evilmike_mini_pan_thingy, evilmike_mini_pan_layers,
          evilmike_mini_pan_T, nicolae_pan_glass_arcs, nicolae_pan_sick_transit,
          rand_demon_5, nicolae_pan_giant_door, grunt_pan_pentagram,
          pan_blood_fountain_small, nicolae_pan_sigil_itan,
          evilmike_mini_pan_branches, pan_blood_fountain_2,
          lemuel_hellion_island, evilmike_mini_pan_thingy,
          nicolae_pan_hourglass, nicolae_pan_glass_arcs,
          nicolae_pan_mnolegish_3, grunt_pan_sceptre, pan_blood_fountain_2,
          nicolae_pan_mnolegish_1, evilmike_mini_pan_T, grunt_pan_zigzag,
          nicolae_pan_cerebovesque_1, nicolae_pan_sick_transit,
          nicolae_pan_double_arrow, nicolae_pan_mnolegish_5,
          evilmike_mini_pan_doors_b, nicolae_pan_mnolegish_1,
          nicolae_pan_strange_glyphs, evilmike_mini_pan_3x3
Zig:1:    ziggurat_pillar_centre_c
Zig:5:    ziggurat_pillar_centre_dead_trees
Zig:8:    ziggurat_pillar_centre_oklobs
Zig:12:   ziggurat_pillar_centre_smoke
Zig:22:   ziggurat_pillar_centre_more_plants
Lab:      labyrinth_watery, nicolae_lab_swirl
Ossuary:  ossuary_due_small_catacomb
Volcano:  volcano_grotto

Skill      XL: |  1  2  3  4  5  6  7  8  9 10 11 12 13 14 15 16 17 18 19 20 21 22 23 24 25 26 27 |
---------------+----------------------------------------------------------------------------------+-----
Axes           | 2 3 4 5 7 8 10 11 12 13 14 16 17 | 17.9
Shields        | 3 4 5 6 7 8 9 10 11 12 13 14 15 18 | 18.9
Fighting       | 3 5 6 7 8 9 10 11 12 13 15 17 18 19 21 22 23 27 | 27.0
Armour         | 3 4 5 6 7 8 9 10 11 12 13 14 15 16 17 27 | 27.0
Dodging        | 1 2 3 4 5 6 7 8 9 23 | 23.0
Stealth        | 1 2 3 4 5 6 9 10 11 12 27 | 27.0
Invocations    | 1 2 3 4 5 7 9 10 11 27 | 27.0
Evocations     | 2 3 4 9 |  9.2
Maces & Flails | 1 2 |  2.2
Throwing       | 2 5 |  5.3
Spellcasting   | 5 7 9 26 | 26.5
Translocations | 5 7 9 20 | 20.1
Hexes          | 14 | 14.3
Air Magic      | 16 | 16.2
Slings         | 5 |  5.0
Summonings     | 11 | 11.9
Ice Magic      | 10 | 10.7
Charms         | 4 |  4.8
Unarmed Combat | |  0.8

Action                   |  1- 3 |  4- 6 |  7- 9 | 10-12 | 13-15 | 16-18 | 19-21 | 22-24 | 25-27 || total
-------------------------+-------+-------+-------+-------+-------+-------+-------+-------+-------++-------
Melee: War axe           |   103 |   159 |    71 |       |       |       |       |       |       ||   333
       Bite              |    21 |    51 |    59 |   104 |   265 |   449 |   380 |   388 |  4985 ||  6702
       Broad axe         |       |       |   115 |   308 |   749 |  1118 |   831 |   769 |  3118 ||  7008
       Mace              |       |       |       |     4 |    14 |       |       |       |       ||    18
       Sacred scourge    |       |       |       |       |       |       |       |     3 |  6969 ||  6972
Throw: Javelin           |       |       |       |     3 |     2 |    73 |       |       |     2 ||    80
 Cast: Aura of Abjuratio |       |       |       |       |       |       |       |       |    16 ||    16
       Controlled Blink  |       |       |       |       |       |       |       |       |    11 ||    11
       Metabolic Englaci |       |       |       |       |       |       |       |       |    10 ||    10
       Invisibility      |       |       |       |       |       |       |       |       |     4 ||     4
       Blink             |       |       |       |       |       |       |       |       |     2 ||     2
       Passage of Golubr |       |       |       |       |       |       |       |       |     2 ||     2
       Silence           |       |       |       |       |       |       |       |       |     1 ||     1
       Summon Mana Viper |       |       |       |       |       |       |       |       |     1 ||     1
Invok: Heroism           |       |       |       |     6 |    10 |     9 |     4 |    10 |     2 ||    41
       Finesse           |       |       |       |     2 |     3 |     2 |     2 |     1 |       ||    10
       Vitalisation      |       |       |       |       |       |       |       |       |    72 ||    72
       Imprison          |       |       |       |       |       |       |       |       |    46 ||    46
       Recite            |       |       |       |       |       |       |       |       |    21 ||    21
       Divine Shield     |       |       |       |       |       |       |       |       |    10 ||    10
       Donate Gold       |       |       |       |       |       |       |       |       |     2 ||     2
       Sanctuary         |       |       |       |       |       |       |       |       |     1 ||     1
       Brand Weapon With |       |       |       |       |       |       |       |       |     1 ||     1
 Abil: Evoke Berserk Rag |       |       |       |     1 |     2 |       |       |       |       ||     3
       Evoke Invisibilit |       |       |       |     1 |     3 |     1 |       |     4 |       ||     9
       Evoke Flight      |       |       |       |       |     1 |       |       |       |    13 ||    14
       Stop Flying       |       |       |       |       |       |       |       |       |     2 ||     2
       Blink             |       |       |       |       |       |       |       |       |     1 ||     1
Evoke: Fan of gales      |       |       |       |       |     1 |       |       |       |       ||     1
       Phantom mirror    |       |       |       |       |     1 |       |       |       |       ||     1
       Wand              |       |       |       |       |     2 |       |       |     6 |    23 ||    31
       Figurine of a zig |       |       |       |       |       |       |       |       |     1 ||     1
  Use: Scroll            |     1 |     6 |     4 |     8 |    10 |    20 |     5 |    12 |   120 ||   186
       Potion            |       |       |       |       |     1 |       |     1 |       |    47 ||    49
 Stab: Distracted        |       |       |       |       |     1 |       |     2 |     3 |    79 ||    85
       Invisible         |       |       |       |       |     3 |     3 |       |    14 |    56 ||    76
       Petrifying        |       |       |       |       |       |       |     1 |       |     4 ||     5
       Sleeping          |       |       |       |       |       |       |       |     4 |   102 ||   106
       Confused          |       |       |       |       |       |       |       |       |    20 ||    20
       Paralysed         |       |       |       |       |       |       |       |       |    10 ||    10
       Petrified         |       |       |       |       |       |       |       |       |     9 ||     9
  Eat: Chunk             |     2 |     1 |    10 |    12 |    15 |    23 |    10 |    13 |     9 ||    95
       Ration            |       |     1 |       |     3 |     4 |     5 |     5 |     5 |    64 ||    87
Armor: Scale mail        |    15 |       |       |       |       |       |       |       |       ||    15
       Fire dragon scale |    75 |    79 |    63 |   125 |   249 |       |       |   102 |  2095 ||  2788
       Plate armour      |       |       |       |       |   214 |   421 |   176 |   169 |   853 ||  1833
       Skin              |       |       |       |       |       |       |       |       |    17 ||    17
Dodge: Dodged            |    49 |    49 |    65 |   135 |   350 |   288 |   122 |   201 |  4346 ||  5605
       Deflected         |       |       |       |       |       |       |       |       |   121 ||   121
Block: Shield            |    77 |    84 |   106 |   231 |   579 |  1058 |   517 |   617 |  6922 || 10191
       Reflection        |       |       |       |       |       |       |       |       |   143 ||   143

Table legend:
 A = Spawn XP
 B = Non-spawn XP
 C = Spawn XP percentage of total XP
 D = Spawn monster count
 E = Non-spawn monster count
 F = Spawn count percentage of total count
 G = Total turns spent on level
                    A         B        C        D         E        F      G
               +---------+---------+-------+---------+---------+-------+---------
         Total |  296247 | 5248057 |   5.3 |     396 |    6294 |   5.9 | 114884
               +---------+---------+-------+---------+---------+-------+---------
           D:1 |       0 |      61 |   0.0 |       0 |      30 |   0.0 |  1641
           D:2 |       0 |     288 |   0.0 |       0 |      25 |   0.0 |   663
           D:3 |       0 |     718 |   0.0 |       0 |      42 |   0.0 |  1062
           D:4 |       0 |     681 |   0.0 |       0 |      24 |   0.0 |  1251
           D:5 |       0 |    1578 |   0.0 |       0 |      22 |   0.0 |   704
           D:6 |       0 |    1256 |   0.0 |       0 |      22 |   0.0 |   561
           D:7 |       0 |    1314 |   0.0 |       0 |      28 |   0.0 |   959
           D:8 |       0 |     749 |   0.0 |       0 |      19 |   0.0 |  1367
           D:9 |       0 |    1839 |   0.0 |       0 |      26 |   0.0 |  1279
          D:10 |       0 |    4146 |   0.0 |       0 |      30 |   0.0 |  1196
          D:11 |       0 |    4322 |   0.0 |       0 |      32 |   0.0 |  1708
          D:12 |       0 |    5165 |   0.0 |       0 |      32 |   0.0 |   993
          D:13 |       0 |   22767 |   0.0 |       0 |      94 |   0.0 |  1623
          D:14 |       0 |   15277 |   0.0 |       0 |      46 |   0.0 |  1092
          D:15 |       0 |   15528 |   0.0 |       0 |      44 |   0.0 |  1227
        Lair:1 |       0 |    4594 |   0.0 |       0 |      17 |   0.0 |  1134
        Lair:2 |       0 |    9875 |   0.0 |       0 |      32 |   0.0 |  1545
        Lair:3 |       0 |    3393 |   0.0 |       0 |      15 |   0.0 |  1180
        Lair:4 |       0 |    5645 |   0.0 |       0 |      32 |   0.0 |   827
        Lair:5 |       0 |    2647 |   0.0 |       0 |      10 |   0.0 |   832
        Lair:6 |       0 |   13717 |   0.0 |       0 |      70 |   0.0 |  1072
      Shoals:1 |       0 |    9996 |   0.0 |       0 |      20 |   0.0 |  1044
      Shoals:2 |       0 |   16186 |   0.0 |       0 |      36 |   0.0 |  1045
      Shoals:3 |       0 |   23496 |   0.0 |       0 |      47 |   0.0 |   984
      Shoals:4 |       0 |   46930 |   0.0 |       0 |      75 |   0.0 |  1567
      Spider:1 |       0 |   24972 |   0.0 |       0 |      58 |   0.0 |  1305
      Spider:2 |       0 |   11318 |   0.0 |       0 |      34 |   0.0 |  1259
      Spider:3 |       0 |   17151 |   0.0 |       0 |      52 |   0.0 |  1289
      Spider:4 |       0 |   42761 |   0.0 |       0 |      90 |   0.0 |  2241
       Slime:1 |       0 |    7434 |   0.0 |       0 |       3 |   0.0 |    41
       Slime:2 |       0 |   10159 |   0.0 |       0 |      20 |   0.0 |    59
       Slime:3 |       0 |    8378 |   0.0 |       0 |      16 |   0.0 |    53
       Slime:4 |       0 |    5692 |   0.0 |       0 |      10 |   0.0 |    95
       Slime:5 |       0 |   58663 |   0.0 |       0 |      45 |   0.0 |   822
         Orc:1 |       0 |    6920 |   0.0 |       0 |      50 |   0.0 |   588
         Orc:2 |       0 |   11968 |   0.0 |       0 |      80 |   0.0 |  1483
         Elf:1 |       0 |   14257 |   0.0 |       0 |      24 |   0.0 |  1102
         Elf:2 |       0 |   44867 |   0.0 |       0 |      65 |   0.0 |   782
         Elf:3 |       0 |   71581 |   0.0 |       0 |      57 |   0.0 |  1675
      Vaults:1 |       0 |   72726 |   0.0 |       0 |     106 |   0.0 |  2540
      Vaults:2 |       0 |   45946 |   0.0 |       0 |      77 |   0.0 |  1642
      Vaults:3 |       0 |   61743 |   0.0 |       0 |      73 |   0.0 |  1750
      Vaults:4 |       0 |   88493 |   0.0 |       0 |     120 |   0.0 |  2272
      Vaults:5 |       0 |  131932 |   0.0 |       0 |     110 |   0.0 |  1437
       Crypt:1 |       0 |   20354 |   0.0 |       0 |      36 |   0.0 |   724
       Crypt:2 |       0 |   55271 |   0.0 |       0 |      65 |   0.0 |  1162
       Crypt:3 |       0 |   95838 |   0.0 |       0 |     108 |   0.0 |  2029
        Tomb:1 |       0 |  139242 |   0.0 |       0 |      78 |   0.0 |  2661
        Tomb:2 |       0 |   62571 |   0.0 |       0 |      78 |   0.0 |  3152
        Tomb:3 |       0 |  100782 |   0.0 |       0 |     113 |   0.0 |   859
      Depths:1 |       0 |   48927 |   0.0 |       0 |      66 |   0.0 |  1472
      Depths:2 |       0 |   61901 |   0.0 |       0 |      59 |   0.0 |  1420
      Depths:3 |       0 |   53019 |   0.0 |       0 |      53 |   0.0 |  1119
      Depths:4 |       0 |  104960 |   0.0 |       0 |      82 |   0.0 |  1369
      Depths:5 |       0 |  104156 |   0.0 |       0 |     101 |   0.0 |  1040
          Hell |       0 |   58227 |   0.0 |       0 |      92 |   0.0 |  1082
         Dis:1 |       0 |   19447 |   0.0 |       0 |      49 |   0.0 |   328
         Dis:2 |       0 |   25036 |   0.0 |       0 |      50 |   0.0 |   343
         Dis:3 |       0 |    1202 |   0.0 |       0 |       5 |   0.0 |    50
         Dis:5 |       0 |    3508 |   0.0 |       0 |       4 |   0.0 |    63
         Dis:6 |       0 |   10373 |   0.0 |       0 |      22 |   0.0 |   382
         Dis:7 |       0 |  154853 |   0.0 |       0 |     115 |   0.0 |  2130
         Geh:1 |       0 |    9827 |   0.0 |       0 |      23 |   0.0 |   129
         Geh:2 |       0 |    2694 |   0.0 |       0 |       5 |   0.0 |    21
         Geh:3 |       0 |    3681 |   0.0 |       0 |      16 |   0.0 |    70
         Geh:5 |       0 |   10379 |   0.0 |       0 |      27 |   0.0 |    94
         Geh:6 |       0 |   22314 |   0.0 |       0 |      43 |   0.0 |   189
         Geh:7 |       0 |  102403 |   0.0 |       0 |      85 |   0.0 |  1255
         Coc:1 |       0 |    2036 |   0.0 |       0 |       7 |   0.0 |    42
         Coc:2 |       0 |   14195 |   0.0 |       0 |      40 |   0.0 |   321
         Coc:4 |       0 |    6356 |   0.0 |       0 |      10 |   0.0 |    37
         Coc:5 |       0 |    7658 |   0.0 |       0 |      21 |   0.0 |    93
         Coc:7 |       0 |   92760 |   0.0 |       0 |      85 |   0.0 |  1360
         Tar:1 |       0 |    6611 |   0.0 |       0 |       8 |   0.0 |    44
         Tar:2 |       0 |     361 |   0.0 |       0 |       5 |   0.0 |    20
         Tar:3 |       0 |    6136 |   0.0 |       0 |      20 |   0.0 |   234
         Tar:4 |       0 |    5859 |   0.0 |       0 |       5 |   0.0 |    29
         Tar:5 |       0 |    9470 |   0.0 |       0 |      11 |   0.0 |   151
         Tar:6 |       0 |   45099 |   0.0 |       0 |      54 |   0.0 |   512
         Tar:7 |       0 |  180692 |   0.0 |       0 |     169 |   0.0 |  1963
       Abyss:1 |   10136 |       0 | 100.0 |      26 |       0 | 100.0 |   381
       Abyss:2 |    1215 |     183 |  86.9 |       5 |       1 |  83.3 |    80
       Abyss:3 |   16085 |   25677 |  38.5 |      26 |      62 |  29.5 |   429
           Pan |  268811 | 1502997 |  15.2 |     339 |    1332 |  20.3 | 27403
         Zig:1 |       0 |    2977 |   0.0 |       0 |       3 |   0.0 |    38
         Zig:2 |       0 |    4243 |   0.0 |       0 |       6 |   0.0 |    47
         Zig:3 |       0 |   12900 |   0.0 |       0 |       6 |   0.0 |    61
         Zig:4 |       0 |    9597 |   0.0 |       0 |      12 |   0.0 |    84
         Zig:5 |       0 |    9865 |   0.0 |       0 |      18 |   0.0 |    82
         Zig:6 |       0 |   12215 |   0.0 |       0 |      27 |   0.0 |    93
         Zig:7 |       0 |   17671 |   0.0 |       0 |      23 |   0.0 |   125
         Zig:8 |       0 |   33395 |   0.0 |       0 |      25 |   0.0 |   270
         Zig:9 |       0 |   42359 |   0.0 |       0 |      27 |   0.0 |   198
        Zig:10 |       0 |   24202 |   0.0 |       0 |      55 |   0.0 |   171
        Zig:11 |       0 |   40814 |   0.0 |       0 |      41 |   0.0 |   153
        Zig:12 |       0 |   37011 |   0.0 |       0 |      54 |   0.0 |   208
        Zig:13 |       0 |   52949 |   0.0 |       0 |      52 |   0.0 |   374
        Zig:14 |       0 |   46603 |   0.0 |       0 |      54 |   0.0 |   360
        Zig:15 |       0 |   39524 |   0.0 |       0 |      72 |   0.0 |   239
        Zig:16 |       0 |   72390 |   0.0 |       0 |      61 |   0.0 |   563
        Zig:17 |       0 |  113546 |   0.0 |       0 |      74 |   0.0 |   310
        Zig:18 |       0 |   74248 |   0.0 |       0 |      61 |   0.0 |   587
        Zig:19 |       0 |  151731 |   0.0 |       0 |      72 |   0.0 |   421
        Zig:20 |       0 |   96160 |   0.0 |       0 |     110 |   0.0 |   423
        Zig:21 |       0 |   87675 |   0.0 |       0 |     119 |   0.0 |   610
        Zig:22 |       0 |  133496 |   0.0 |       0 |     102 |   0.0 |   240
           Lab |       0 |    1192 |   0.0 |       0 |       1 |   0.0 |  1309
       Ossuary |       0 |     217 |   0.0 |       0 |      30 |   0.0 |   207
       Volcano |       0 |    4893 |   0.0 |       0 |      24 |   0.0 |   257
               +---------+---------+-------+---------+---------+-------+---------
